 Dungeon Crawl Stone Soup version 0.32-a0-876-gcfddb08e57 (webtiles) character file.

Game seed: 12198016025562072409

11760802 RepHenryClay the Bringer of Light (level 27, 244/244 HPs)
             Began as a Gnoll Gladiator on Mar 24, 2024.
             Was the Champion of the Shining One.
             Escaped with the Orb
             ... and 15 runes on Apr 1, 2024!
             The game lasted 06:45:56 (138387 turns).

RepHenryClay the Bringer of Light (GnGl)          Turns: 138387, Time: 06:45:57

Health: 244/244    AC: 28    Str: 27    XL:     27
Magic:  52/52      EV: 27    Int: 25    God:    the Shining One [******]
Gold:   11609      SH: 30    Dex: 18    Spells: 0/76 levels left

rFire   + + .        a - staff of earth
rCold   + + +        H - +5 tower shield {rF+}
rNeg    + + +        A - quicksilver dragon scales "Put-Me-On" {Will+ Str+6}
rPois   .            U - +0 mask of the Dragon {Will+ Slay+3 SInv}
rElec   +            r - +1 cloak "Viel" {Int+6 Dex+2 Slay+5}
rCorr   +            s - +0 pair of gloves of Discretion {rElec rC+ Str-2 Int+4}
SInv    +            X - +0 pair of boots of the Hidden Vale {rElec Str+5}
Will    ++++.        N - amulet of Springtime {Spirit rC++ Regen+ rCorr Stlth-}
Stlth   +            F - ring "Ylalet" {rF+ rC+ rCorr Int+6 Dex-4}
HPRegen 1.40/turn    K - ring of the Mage {Wiz Archmagi}
MPRegen 0.33/turn

%: guardian spirit, wizardry (x1), archmagi
@: glowing, studying Maces & Flails
A: fangs 1, strong nose, distributed training, iridescent scales 1, clumsy 1
0: Orb of Zot
}: 15/15 runes: barnacled, slimy, silver, golden, iron, obsidian, icy, bone,
abyssal, demonic, glowing, magical, fiery, dark, gossamer
a: Renounce Religion, Divine Shield, Cleansing Flame, Summon Divine Warrior


You escaped.
You worshipped the Shining One.
The Shining One was exalted by your worship.
You visited 18 branches of the dungeon, and saw 85 of its levels.
You visited Pandemonium 3 times, and saw 13 of its levels.
You visited the Abyss 2 times.
You visited 1 bazaar.
You also visited: Trove, Sewer and Desolation.

You collected 15290 gold pieces.
You spent 3681 gold pieces at shops.

Inventory:

Hand Weapons
 b - a +9 sacred scourge of holy wrath
Missiles
 d - 8 throwing nets
 e - 34 javelins
 m - 30 silver javelins (quivered)
Armour
 r - the +1 cloak "Viel" (worn) {Int+6 Dex+2 Slay+5}
   (You found it in the Desolation of Salt)

   Int+6:     It affects your intelligence (+6).
   Dex+2:     It affects your dexterity (+2).
   Slay+5:    It affects your accuracy & damage with ranged weapons and melee
   (+5).
 s - the +0 pair of gloves of Discretion (worn) {rElec rC+ Str-2 Int+4}
   (You found it on level 3 of the Spider Nest)

   Str-2:     It affects your strength (-2).
   Int+4:     It affects your intelligence (+4).
   rC+:       It protects you from cold.
   rElec:     It insulates you from electricity.
 A - the quicksilver dragon scales "Put-Me-On" (worn) {Will+ Str+6}
   (You found it in Pandemonium)

   Str+6:     It affects your strength (+6).
   Will+:     It increases your willpower.
 H - a +5 tower shield of fire resistance (worn)
 O - the +3 pair of gauntlets of War {Slay+5}
   (You found it on level 3 of the Tomb of the Ancients)

   Slay+5:    It affects your accuracy & damage with ranged weapons and melee
   (+5).
 U - the +0 mask of the Dragon (worn) {Will+ Slay+3 SInv}
   (You found it on level 5 of the Pits of Slime)

   Slay+3:    It affects your accuracy & damage with ranged weapons and melee
   (+3).
   Will+:     It increases your willpower.
   SInv:      It lets you see invisible.
 X - the +0 pair of boots of the Hidden Vale (worn) {rElec Str+5}
   (Okawaru gifted it to you on level 1 of the Elven Halls)

   Str+5:     It affects your strength (+5).
   rElec:     It insulates you from electricity.
Magical Staves
 a - a staff of earth (weapon)
Jewellery
 g - the ring "Ubeur" {rPois rF+ rC+ Int-2 Dex+6}
   (You found it on level 5 of the Pits of Slime)

   [ring of dexterity]

   Int-2:     It affects your intelligence (-2).
   Dex+6:     It affects your dexterity (+6).
   rF+:       It protects you from fire.
   rC+:       It protects you from cold.
   rPois:     It protects you from poison.
 h - the amulet "Pypreaxo" {Acrobat Fly Str+5 Int-5}
   (You took it off a deep elf high priest on level 3 of the Elven Halls)

   [amulet of the acrobat]

   Acrobat:   It increases your evasion while moving and waiting.
   Str+5:     It affects your strength (+5).
   Int-5:     It affects your intelligence (-5).
   Fly:       It grants you flight.
 k - the ring of Autumn {rC+ Will+ rCorr}
   (You found it in a treasure trove)

   [ring of protection from cold]

   rC+:       It protects you from cold.
   Will+:     It increases your willpower.
   rCorr:     It protects you from acid and corrosion.
 q - the ring "Gurass" {rPois Will+ rCorr Str+2}
   (You took it off Antaeus on level 7 of Cocytus)

   [ring of resist corrosion]

   Str+2:     It affects your strength (+2).
   rPois:     It protects you from poison.
   Will+:     It increases your willpower.
   rCorr:     It protects you from acid and corrosion.
 v - the ring of the Tuna {rF++ EV+5}
   (You acquired it on level 2 of the Spider Nest)

   [ring of evasion]

   EV+5:      It affects your evasion (+5).
   rF++:      It greatly protects you from fire.
 w - the ring "Tesih" {rElec rPois Dex+6}
   (You found it in a treasure trove)

   [ring of dexterity]

   Dex+6:     It affects your dexterity (+6).
   rElec:     It insulates you from electricity.
   rPois:     It protects you from poison.
 y - the amulet "Fiewotzo" {Reflect rPois rF- rC+ Will++ SH+5}
   (You found it on level 7 of Tartarus)

   [amulet of reflection]

   Reflect:   It reflects blocked missile attacks.
   rF-:       It makes you vulnerable to fire.
   rC+:       It protects you from cold.
   rPois:     It protects you from poison.
   Will++:    It greatly increases your willpower.
   SH+5:      It affects your SH (+5).
 E - the ring of Plog {rElec rF+ rC+ Dex+6}
   (You found it in Pandemonium)

   [ring of dexterity]

   Dex+6:     It affects your dexterity (+6).
   rF+:       It protects you from fire.
   rC+:       It protects you from cold.
   rElec:     It insulates you from electricity.
 F - the ring "Ylalet" (left hand) {rF+ rC+ rCorr Int+6 Dex-4}
   (You found it in a treasure trove)

   [ring of intelligence]

   Int+6:     It affects your intelligence (+6).
   Dex-4:     It affects your dexterity (-4).
   rF+:       It protects you from fire.
   rC+:       It protects you from cold.
   rCorr:     It protects you from acid and corrosion.
 K - the ring of the Mage (right hand) {Wiz Archmagi}
   (You bought it in a shop on level 13 of the Dungeon)

   [ring of wizardry]

   Wiz:       It improves your spell success rate.
   Archmagi:  It increases the power of your magical spells.
 N - the amulet of Springtime (around neck) {Spirit rC++ Regen+ rCorr Stlth-}
   (You found it in the Desolation of Salt)

   [amulet of guardian spirit]

   Spirit:    It causes incoming damage to be divided between your reserves of
   health and magic.
   rC++:      It greatly protects you from cold.
   Regen+:    It increases your rate of health regeneration.
   rCorr:     It protects you from acid and corrosion.
   Stlth-:    It makes you less stealthy.
Wands
 n - a wand of acid (51)
 o - a wand of mindburst (70)
 x - a wand of iceblast (106)
 P - a wand of digging (15)
 Q - a wand of charming (37)
Scrolls
 c - 6 scrolls of enchant weapon
 l - 8 scrolls of fear
 p - a scroll of revelation
 u - 2 scrolls of butterflies
 C - 10 scrolls of blinking
 D - 11 scrolls of teleportation
 J - 10 scrolls of fog
 L - 7 scrolls of brand weapon
 Z - 11 scrolls of immolation
Potions
 i - 5 potions of cancellation
 j - 10 potions of heal wounds
 z - 26 potions of curing
 B - 4 potions of haste
 G - 2 potions of magic
 I - 3 potions of might
 M - 4 potions of mutation
 R - 5 potions of ambrosia
 S - 4 potions of lignification
 T - 9 potions of resistance
 V - 9 potions of enlightenment
 Y - 7 potions of brilliance
Miscellaneous
 f - a phial of floods
 t - a tin of tremorstones (2/2)
 W - a lightning rod (4/4)


   Skills:
 + Level 25.7 Fighting
 + Level 25.4 Short Blades
 + Level 25.4 Long Blades
 + Level 25.4 Axes
 O Level 27 Maces & Flails
 + Level 25.4 Polearms
 + Level 25.4 Staves
 + Level 25.4 Ranged Weapons
 + Level 25.7 Throwing
 + Level 25.4 Armour
 + Level 26.0 Dodging
 + Level 25.4 Stealth
 + Level 25.4 Shields
 + Level 25.4 Unarmed Combat
 + Level 25.4 Spellcasting
 + Level 21.8 Conjurations
 + Level 25.3 Hexes
 + Level 21.8 Summonings
 + Level 21.8 Necromancy
 + Level 21.8 Translocations
 + Level 21.8 Fire Magic
 + Level 21.8 Ice Magic
 + Level 25.4 Air Magic
 + Level 21.8 Earth Magic
 + Level 21.8 Alchemy
 O Level 27 Invocations
 + Level 25.4 Evocations
 + Level 23.5 Shapeshifting


You couldn't memorise any spells.
You knew the following spells:

 Your Spells              Type           Power      Damage    Failure   Level
a - Disjunction           Tloc           59%        N/A       1%          8
b - Shatter               Erth           71%        3d52*     7%          9
c - Lesser Beckoning      Tloc           100%       N/A       0%          2
d - Lehudib's Crystal Sp  Conj/Erth      71%        10d16     1%          8
e - Lee's Rapid Deconstr  Erth           71%        3d32*     0%          5
f - Mephitic Cloud        Conj/Alch/Air  100%       N/A       0%          3
g - Mercury Vapours       Alch/Air       100%       N/A       0%          2
h - Iskenderun's Mystic   Conj/Tloc      100%       2d19      (+2d10%     4
i - Maxwell's Portable P  Tloc           100%       2d(20-40) 0%          4
j - Manifold Assault      Tloc           59%        N/A       1%          7
k - Gell's Gavotte        Tloc           59%        2d(38-56) 1%          6
l - Vhi's Electric Charg  Tloc/Air       100%       N/A       0%          4
m - Bombard               Conj/Erth      71%        9d12      1%          6
n - Plasma Beam           Fire/Air       61%        2x1d77    0%          6
Q - Blink                 Tloc           100%       N/A       0%          2

Your spell library contained the following spells:

 Spells                   Type           Power      Damage    Failure   Level
 Apportation              Tloc           100%       N/A       0%          1
 Foxfire                  Conj/Fire      100%       2x1d9     0%          1
 Freeze                   Ice            100%       1d10      0%          1
 Kiss of Death            Conj/Necr      100%       2d13      0%          1
 Magic Dart               Conj           100%       1d8       0%          1
 Necrotise                Necr           100%       1d9       0%          1
 Slow                     Hex            100%       N/A       0%          1
 Sting                    Conj/Alch      100%       1d9       0%          1
 Summon Small Mammal      Summ           100%       N/A       0%          1
 Call Imp                 Summ           100%       N/A       0%          2
 Cigotuvi's Dreadful Rot  Necr/Alch/Air  100%       N/A       0%          2
 Ensorcelled Hibernation  Hex/Ice        100%       N/A       0%          2
 Jinxbite                 Hex            100%       N/A       0%          2
 Momentum Strike          Conj/Tloc      100%       3d10      0%          2
 Scorch                   Fire           100%       2d9       0%          2
 Searing Ray              Conj           100%       2d8       0%          2
 Sublimation of Blood     Necr           100%       N/A       0%          2
 Call Canine Familiar     Summ           100%       N/A       0%          3
 Confusing Touch          Hex            100%       N/A       0%          3
 Dazzling Flash           Conj/Hex       100%       N/A       0%          3
 Frozen Ramparts          Ice            100%       1d16      0%          3
 Fugue of the Fallen      Necr           100%       N/A       0%          3
 Hailstorm                Conj/Ice       100%       3d16      0%          3
 Inner Flame              Hex/Fire       100%       N/A       0%          3
 Ozocubu's Armour         Ice            100%       N/A       0%          3
 Passwall                 Erth           100%       N/A       0%          3
 Sigil of Binding         Hex            100%       N/A       0%          3
 Stone Arrow              Conj/Erth      100%       3d13      0%          3
 Summon Ice Beast         Ice/Summ       100%       N/A       0%          3
 Swiftness                Air            100%       N/A       0%          3
 Teleport Other           Tloc           100%       N/A       0%          3
 Tukima's Dance           Hex            100%       N/A       0%          3
 Vampiric Draining        Necr           100%       2d13      0%          3
 Volatile Blastmotes      Fire/Tloc      100%       2d18      0%          3
 Anguish                  Hex/Necr       61%        N/A       0%          4
 Animate Armour           Summ/Erth      100%       N/A       0%          4
 Animate Dead             Necr           100%       N/A       0%          4
 Cause Fear               Hex            63%        N/A       0%          4
 Dimensional Bullseye     Hex/Tloc       61%        N/A       0%          4
 Dispel Undead            Necr           100%       3d31      0%          4
 Flame Wave               Conj/Fire      100%       2d21      0%          4
 Fulminant Prism          Conj/Alch      59%        3d24      0%          4
 Ignite Poison            Fire/Alch      100%       N/A       0%          4
 Leda's Liquefaction      Alch/Erth      71%        N/A       0%          4
 Martyr's Knell           Necr/Summ      100%       N/A       0%          4
 Olgreb's Toxic Radiance  Alch           100%       N/A       0%          4
 Passage of Golubria      Tloc           100%       N/A       0%          4
 Petrify                  Alch/Erth      100%       N/A       0%          4
 Sticky Flame             Fire/Alch      100%       2d15      0%          4
 Summon Blazeheart Golem  Fire/Summ      100%       N/A       0%          4
 Summon Lightning Spire   Summ/Air       100%       N/A       0%          4
 Arcjolt                  Conj/Air       61%        1d71      0%          5
 Borgnjor's Vile Clutch   Necr/Erth      71%        N/A       0%          5
 Curse of Agony           Necr           100%       N/A       0%          5
 Fireball                 Conj/Fire      59%        3d23      0%          5
 Freezing Cloud           Conj/Ice/Air   60%        6-21      0%          5
 Irradiate                Conj/Alch      59%        3d31      0%          5
 Iskenderun's Battlesphe  Conj           100%       2d15      0%          5
 Metabolic Englaciation   Hex/Ice        61%        N/A       0%          5
 Silence                  Hex/Air        63%        N/A       0%          5
 Summon Forest            Summ/Tloc      59%        N/A       0%          5
 Yara's Violent Unravell  Hex/Alch       61%        3d23      0%          5
 Conjure Ball Lightning   Conj/Air       61%        3x3d22    0%          6
 Death Channel            Necr           59%        N/A       1%          6
 Dispersal                Tloc           59%        N/A       1%          6
 Eringya's Noxious Bog    Alch           59%        4d6       1%          6
 Permafrost Eruption      Ice/Erth       71%        2x4d16    1%          6
 Sculpt Simulacrum        Ice/Alch       59%        N/A       1%          6
 Starburst                Conj/Fire      59%        6d16      1%          6
 Summon Cactus Giant      Summ           59%        N/A       1%          6
 Enfeeble                 Hex            63%        N/A       1%          7
 Malign Gateway           Summ/Tloc      59%        N/A       1%          7
 Ozocubu's Refrigeration  Ice            59%        4d20      1%          7
 Spellforged Servitor     Conj/Summ      59%        N/A       1%          7
 Summon Hydra             Summ           59%        N/A       1%          7
 Discord                  Hex            63%        N/A       1%          8
 Maxwell's Capacitive Co  Air            63%        ∞         1%          8
 Chain Lightning          Conj/Air       61%        3d82      3%          9
 Dragon's Call            Summ           59%        N/A       7%          9
 Fire Storm               Conj/Fire      59%        8d15      7%          9


Dungeon Overview and Level Annotations

Branches:
Dungeon (15/15)            Temple (1/1) D:5            Lair (5/5) D:8
 Shoals (4/4) Lair:2       Spider (4/4) Lair:2        Slime (5/5) Lair:4
    Orc (2/2) D:11            Elf (3/3) Orc:2        Vaults (5/5) D:13
  Crypt (3/3) Vaults:3       Tomb (3/3) Crypt:3      Depths (4/4) D:15
   Hell (visited)             Dis (7/7) Hell            Geh (7/7) Hell
    Coc (7/7) Hell            Tar (7/7) Hell            Zot (5/5) Depths:4
  Sewer (visited)         Desolation (visited)

Altars:
Ashenzari
Cheibriados
Dithmenos
Elyvilon
Fedhas
Gozag
Hepliaklqana
Kikubaaqudgha
Makhleb
Nemelex Xobeh
Okawaru
Qazlal
Ru
Sif Muna
Trog
Uskayaw
Vehumet
Wu Jian
Xom
Yredelemnul
Zin
The Shining One
Beogh
Jiyva

Shops:
D:2 ?*   D:5 :   D:13 =   Orc:1 (   Orc:2 [[*(   Elf:3 ?   Vaults:1 !
Vaults:5 ?[*[   Depths:3 :

Portals:
Hell: Depths:1 Depths:3 Depths:4
Abyss: Depths:1* Depths:3
Pandemonium: Depths:3
Ziggurat: Depths:3

Annotations:
Dis:7 Dispater


Innate Abilities, Weirdness & Mutations

You have very sharp teeth.
Your uncanny sense of smell can sniff out nearby items.
Your experience applies equally to all skills.
You are partially covered in iridescent scales. (AC +2)
You are clumsy. (Dex -2)


Message History

The silver javelin pierces through the hellion!!!
You kill the hellion!
The Shining One accepts your kill.
You feel your power returning.
What level of the Dungeon? (default 1, ? - help)
An Orb Guardian comes into view.
Throw: 30 javelins (silver)
Press: ? - help, Q - select action, (/) - cycle Shift-Dir - straight line, f - Orb Guardian
Aim: an Orb Guardian (haloed, 83% to hit)
Okay, then.
You hit the Orb Guardian but do no damage.
The ground beneath the Orb Guardian fractures!!!
The Orb Guardian is heavily wounded.
You hit the Orb Guardian!
The ground beneath the Orb Guardian fractures!!!
You kill the Orb Guardian!
No target in view!
What level of the Dungeon? (default 1, ? - help)
There is a stone staircase leading up here.
You climb upwards.
There is a stone staircase leading down here.
There is a stone staircase leading up here.
You climb upwards.
There is a stone staircase leading down here.
A sixfirhy comes into view.
The sixfirhy moves out of view.
An orange demon comes into view.
You hear a grinding noise.
There is a stone staircase leading up here.
You block the sixfirhy's attack. x3
You climb upwards.
There is a stone staircase leading down here.
What level of the Dungeon? (default 1, ? - help)
There is a stone staircase leading up here.
You climb upwards.
There is a stone staircase leading down here.
You see here a quokka skeleton.
There is an open door here.
There is a staircase leading out of the dungeon here.
You have escaped!

...#####.#####+#..####÷#
#......#.. .#.#
#.####..........###.........
...#
#...##.#.....#....#.........
.#.#
#.#....##...##.....#........
.#.#
#.#....###.###.....###.###.#
...#
#...###.#####.###......# #..
.###
##...###.###.###..#..#^# ###
## ##...###...###...##.#.# #
#....##.@.##....##...## #
#...###...###...####..# #
#..###.###.###..####..####
#.###.#####.###.#.........
#....###.###....#.##.#..).
##...##...##...##.##.#>...
###.#.....#......##.##...
#..........###########.
####.......# #.


There were no monsters in sight!

Vanquished Creatures
  Cerebov (Pan)
  Antaeus (Coc:7)
  Asmodeus (Geh:7)
  the Royal Jelly (Arena)
  Ereshkigal (Tar:7)
  Mnoleg (Pan)
  Gloorx Vloq (Pan)
  A seraph (Pan)
  Lom Lobon (Pan)
  the Serpent of Hell (Tar:7)
  Tiamat (Zot:1)
  6 ancient liches
  10 dread liches
  7 orbs of fire
  3 juggernauts
  The ghost of Wadir the Hoplite, a veteran MiBe of Trog (Zot:3)
  The ghost of Eluafa Diuxt the Heavyweight Champion, a veteran TrGl of Wu Jian (Depths:1)
  30 royal mummies
  12 shard shrikes
  Bai Suzhen (Crypt:2)
  Vv (Crypt:2)
  21 caustic shrikes
  Geryon (Hell)
  4 Killer Klowns (Zot:5)
  2 pandemonium lords
  2 curse toes
  12 golden dragons
  2 pearl dragons (Pan)
  4 profane servitors
  26 bone dragons
  Nikola (Elf:3)
  9 Brimstone Fiends
  13 Tzitzimimeh
  7 electric golems
  19 iron giants
  15 hellephants
  15 doom hounds
  24 tentacled monstrosities
  19 Hell Sentinels
  2 spectral shard shrikes (Tar:4)
  13 Ice Fiends
  Jorgrun (D:14)
  28 Orb Guardians
  Asterion (Elf:1)
  Rupert (Lair:5)
  A walking crystal tome (Depths:4)
  14 tainted leviathans
  9 quicksilver dragons
  25 titans
  A walking earthen tome (Depths:4)
  9 liches
  A walking frostbound tome (Depths:4)
  10 deep elf master archers
  23 acid blobs
  11 sphinxes
  18 searing wretches
  4 deep elf blademasters
  18 Executioners
  7 death cobs
  2 tentacled starspawn (Abyss:4)
  Gastronok (Lair:1)
  21 ancient champions
  The ghost of gdog the Covert, an adept GnDe of Gozag (Elf:2)
  Agnes (Spider:1)
  A kraken (Shoals:2)
  21 shadow dragons
  Kirke (Lair:2)
  4 draconian monks
  Donald (Orc:2)
  The ghost of Foxy the Spry, an adept CoBe of Trog (D:14)
  12 storm dragons
  8 tengu reavers
  4 revenants
  Ilsuiw (Shoals:3)
  2 nagarajas (Pan)
  11 demonspawn warmongers (Pan)
  29 azure jellies
  2 fenstrider witches (Pan)
  An azure jelly (shapeshifter) (Abyss:4)
  17 narguns
  21 daevas
  19 frost giants
  15 rockslimes
  33 fire giants
  3 imperial myrmidons (Desolation)
  19 vault wardens
  5 draconian knights
  9 deep elf sorcerers
  13 protean progenitors
  3 quicksilver elementals
  5 draconian shifters
  4 draconian scorchers
  3 curse skulls (Pan)
  Louise (Shoals:1)
  32 balrugs
  6 iron dragons
  2 deep elf elementalists (Elf:3)
  4 emperor scorpions
  11 shard shrike simulacra
  6 spectral caustic shrikes
  A caustic shrike zombie (Crypt:3)
  32 angels (Pan)
  4 ghost moths
  2 broodmothers (Spider:3)
  3 draconian stormcallers
  31 cacodemons
  18 ironbound preservers
  26 reapers
  3 orc warlords
  5 formless jellyfish
  8 demonspawn corrupters (Pan)
  8 quicksilver oozes
  9 very ugly things
  5 caustic shrike skeletons (Pan)
  10 draconian annihilators
  2 spriggan defenders
  8 vampire knights
  20 stone giants
  13 ophanim (Pan)
  A demonspawn black sun (Pan)
  9 demonspawn blood saints (Pan)
  11 ironbound thunderhulks
  8 deep elf death magi
  3 juggernaut skeletons (Pan)
  32 apis (Pan)
  24 elemental wellsprings
  9 green draconians
  9 black draconians
  Nessos (D:12)
  10 deep elf demonologists
  23 war gargoyles
  7 deep elf annihilators
  6 dire elephants
  Azrael (Elf:1)
  13 bennus
  15 wendigos
  A halazid warlock (Desolation)
  7 putrid mouths
  2 lorocyprocas (Pan)
  10 white draconians
  19 purple draconians
  12 blizzard demons
  2 bunyips (Pan)
  14 yellow draconians
  10 red draconians
  13 spark wasps
  10 fire dragons
  19 eidola
  5 merfolk javelineers
  12 merfolk impalers
  22 mummy priests
  12 ettins
  11 deep elf high priests
  4 entropy weavers
  11 green deaths (Pan)
  7 jiangshi
  8 ragged hierophants (Desolation)
  A spectral iron giant (Tar:4)
  10 crystal guardians
  7 ice dragons
  13 iron golems
  18 yaktaur captains
  Fannar (Lair:1)
  A quicksilver dragon skeleton (Crypt:1)
  9 salamander tyrants
  14 caustic shrike simulacra
  39 vault guards
  15 great orbs of eyes
  10 peacekeepers
  6 rakshasas
  10 hydras
  4 ogre magi
  6 juggernaut simulacra
  4 servants of whispers (Desolation)
  7 boulder beetles
  2 alligators (Zot:1)
  7 jorogumos
  7 two-headed ogres
  4 satyrs
  3 merfolk avatars (Shoals:2)
  2 spriggan air magi (Depths:4)
  3 alligator snapping turtles
  4 catoblepae
  2 death knights
  9 ironbound frosthearts
  34 dancing weapons
  2 radroaches
  A two-headed ogre (shapeshifter) (Vaults:3)
  6 deep troll shamans
  13 centaur warriors
  13 death yaks
  6 tengu warriors
  5 vampire magi
  59 death scarabs
  4 merfolk aquamancers
  A quicksilver ooze zombie (Crypt:1)
  4 deep troll earth magi
  6 thrashing horrors
  The ghost of pokeman the Thaumaturge, a journeyman DEHW of Vehumet (D:10)
  13 hell hogs
  A spectral dire elephant (Tar:3)
  8 stokers
  4 occultists
  14 demonic crawlers
  2 titan zombies (Crypt:3)
  15 soul eaters
  4 orc high priests (Orc:2)
  3 spriggan berserkers (Depths:2)
  17 hell knights
  23 deep elf knights
  9 crystal echidnas (Dis:7)
  3 iron trolls
  36 skeletal warriors
  4 hellephant skeletons (Pan)
  8 skysharks
  A sea snake (shapeshifter) (Vaults:5)
  20 sixfirhies
  5 pharaoh ants
  51 sun demons
  2 goliath frogs (Zot:2)
  A storm dragon skeleton (Crypt:1)
  6 glowing orange brains
  16 shadow wraiths
  14 cherubim (Pan)
  3 quicksilver dragon simulacra
  An anaconda zombie (Crypt:3)
  A mana viper (shapeshifter) (Vaults:5)
  9 orb spiders
  4 spriggan simulacra
  2 bunyip zombies (Crypt:1)
  2 sea snakes
  4 arcanists
  20 deep elf archers
  10 sun moths
  A glowing orange brain (shapeshifter) (Depths:4)
  A lindwurm (Lair:5)
  52 deep trolls
  7 flayed ghosts
  4 bog bodies (Crypt:3)
  An anaconda skeleton (Crypt:1)
  20 shadow demons (Pan)
  7 thermic dynamos
  A fenstrider witch simulacrum (Coc:2)
  17 necromancers
  18 ironbound convokers
  3 alligator zombies
  13 phantasmal warriors
  13 orc knights
  Pikel (D:9)
  24 harpies
  38 deep elf pyromancers
  A sun moth (shapeshifter) (Elf:1)
  8 steelbarb worms
  7 starcursed masses
  A broodmother zombie (Crypt:1)
  A salamander (shapeshifter) (Abyss:4)
  5 orc sorcerers (Orc:2)
  48 deep elf zephyrmancers
  A shining eye (shapeshifter) (Vaults:5)
  An obsidian bat (Orc:2)
  17 ugly things
  17 wolf spiders
  10 fauns
  17 cyclopes
  14 manticores
  A frost giant zombie (Depths:1)
  2 moths of wrath (shapeshifter)
  A stone giant zombie (Crypt:3)
  9 elephants
  2 alligator skeletons (Hell)
  5 shining eyes
  A wolf spider (shapeshifter) (Abyss:4)
  A human skeleton (Vaults:1)
  A meliai (shapeshifter) (D:15)
  32 moths of wrath
  An elephant (shapeshifter) (Vaults:3)
  3 dire elephant zombies
  3 meliai
  5 kobold blastminers
  12 rust devils
  12 water nymphs
  6 merfolk sirens
  21 vault sentinels
  6 titan simulacra
  A fire giant skeleton (Crypt:2)
  2 guardian serpents (Desolation)
  16 large abominations
  An eye of devastation (shapeshifter) (Vaults:5)
  9 cane toads
  8 black mambas
  6 molten gargoyles (Hell)
  2 centaur zombies (Crypt:3)
  A centaur skeleton (Crypt:1)
  5 torpor snails
  13 eyes of devastation
  Maggie (D:6)
  3 gargoyles (Depths:3)
  5 ice statues (Coc:7)
  A guardian serpent (shapeshifter) (Abyss:4)
  37 orange demons
  30 smoke demons
  A human zombie (Vaults:1)
  8 unseen horrors (Abyss:4)
  39 yaktaurs
  A white draconian zombie (Crypt:2)
  A kobold demonologist (D:13)
  4 rime drakes
  A golden dragon simulacrum (Coc:7)
  A sea snake zombie (Hell)
  A yellow draconian zombie (Crypt:2)
  6 anaconda simulacra
  6 komodo dragons
  17 hellions
  2 ancient zymes
  22 freezing wraiths
  2 bunyip simulacra
  7 efreet
  A red devil (Pan)
  An ice devil (Hell)
  4 tengu conjurers
  18 tormentors
  2 minotaur skeletons (Crypt:1)
  2 spriggan skeletons
  4 hydra zombies
  3 spectral harpies
  9 wind drakes
  A silent spectre (Tar:3)
  18 hellwings
  38 guardian mummies
  3 polar bears
  40 merfolk
  7 hornets
  Grinder (D:3)
  A shadow dragon simulacrum (Coc:1)
  9 trolls
  A hornet (shapeshifter) (Elf:1)
  A raiju (Abyss:2)
  11 glass eyes
  A hydra skeleton (Hell)
  A tarantella (shapeshifter) (Vaults:3)
  5 blink frogs (Lair:4)
  A spriggan zombie (Depths:1)
  3 iron dragon simulacra
  53 saltlings
  A fire dragon zombie (Crypt:1)
  A snapping turtle (shapeshifter) (Vaults:3)
  21 tarantellas
  A glass eye (shapeshifter) (Vaults:5)
  A stone giant simulacrum (Coc:1)
  19 culicivoras
  2 snapping turtles
  3 air elementals (Depths:3)
  83 slime creatures
  16 jumping spiders
  11 ynoxinuls
  3 vampires
  6 spriggans
  6 small abominations
  6 wraiths
  5 shadows
  9 dire elephant simulacra
  16 water elementals
  Grum (D:9)
  An alligator snapping turtle simulacrum (Coc:2)
  3 basilisks
  4 fire elementals
  53 yaks
  An ettin skeleton (Crypt:3)
  16 ushabtiu
  A hog (shapeshifter) (Elf:1)
  3 hogs
  4 wyverns
  6 vampire mosquitoes
  4 golden eyes
  26 neqoxecs
  2 redbacks (shapeshifter) (Vaults:3)
  2 black mamba skeletons
  2 humans
  Menkaure (D:7)
  A sea snake simulacrum (Hell)
  A steam dragon (D:8)
  35 redbacks
  11 wargs
  31 chaos spawn
  A faun zombie (Crypt:2)
  3 acid dragons
  A demonspawn zombie (Crypt:3)
  14 harpy simulacra
  Duvessa (D:6)
  5 hell hounds (Elf:1)
  14 water moccasins
  A naga skeleton (Crypt:3)
  A swamp worm (shapeshifter) (Vaults:5)
  A hornet zombie (Crypt:2)
  49 orc warriors
  A cane toad skeleton (Crypt:2)
  5 ettin simulacra
  Pargi (Sewer)
  A black mamba simulacrum (Crypt:1)
  3 ice beasts
  3 black bears
  A black bear (shapeshifter) (Abyss:4)
  11 ogres
  67 laughing skulls
  3 centaurs
  24 wolves
  4 lemures
  3 brain worms
  5 kobold brigands
  2 gnoll sergeants
  4 earth elementals
  2 komodo dragon skeletons (Crypt:1)
  7 bullfrogs
  6 naga simulacra
  5 scorpions
  A wight (D:9)
  Dowan (D:6)
  16 killer bees
  A polar bear skeleton (Crypt:1)
  8 electric eels
  3 howler monkeys
  4 bombardier beetles
  A jelly (D:7)
  6 hounds
  A quasit (D:15)
  30 orc priests
  A gnoll bouda (D:4)
  An iron imp (Pan)
  3 iguanas
  A sleepcap (D:5)
  24 orc wizards
  3 hell rats
  A sky beast zombie (Crypt:2)
  52 mummies
  20 gnolls
  5 adders
  A swamp drake skeleton (Crypt:1)
  A shadow imp (D:7)
  2 white imps
  4 ufetubi
  The ghost of Jigsaw the Covert, a weakling GnDe (D:3)
  2 ribbon worms
  119 orcs
  4 bats
  A bat zombie (Crypt:1)
  8 endoplasms
  A giant cockroach (D:3)
  7 goblins
  6 hobgoblins
  3 jackals (D:4)
  25 kobolds
  5 quokkas
  3 training dummies (Orc:1)
  10 ball pythons
  A ball python skeleton (Crypt:2)
  4 frilled lizards
  4 rats
  2 aspiring fleshes (Pan)
  A ball lightning (Pan)
  2 creeping infernos
  8 fire vortices
  A lurking horror (Abyss:3)
  2 starspawn tentacles (Abyss:4)
  3 tentacles (Shoals:2)
4216 creatures vanquished.

Vanquished Creatures (collateral kills)
  A royal mummy (Tomb:2)
  A Brimstone Fiend (Geh:7)
  A bennu (Tomb:2)
  A blizzard demon (Pan)
  A mummy priest (Tomb:2)
  A skeletal warrior (Tomb:2)
  A shadow demon (Pan)
  9 mummies (Tomb:2)
16 creatures vanquished.

Vanquished Creatures (others)
  An eldritch tentacle (Pan)
  A white draconian (Zot:1)
  2 deep elf knights
  A skeletal warrior (Crypt:3)
  2 glowing orange brains (Pan)
  2 iron giant simulacra (Coc:7)
  A hellwing (Pan)
  A naga simulacrum (Coc:7)
  An alligator snapping turtle simulacrum (Coc:1)
  A minotaur simulacrum (Coc:1)
  A harpy simulacrum (Coc:7)
  2 hell rats
  An orc (Orc:2)
  2 kobolds (D:8)
  5 ball lightnings (Pan)
  2 creeping infernos
  3 lurking horrors
  25 spectral weapons
  2 starspawn tentacles (Abyss:4)
  2 tentacles (Shoals:2)
58 creatures vanquished.

Grand Total: 4290 creatures vanquished

Notes
Turn   | Place    | Note
-------+----------+-------------------------------------------
     0 | D:1      | RepHenryClay the Gnoll Gladiator began the quest for the
                  | Orb.
     0 | D:1      | Reached XP level 1. HP: 20/20 MP: 1/1
    50 | D:1      | You fall into a shaft and drop 1 floor!
   135 | D:2      | Reached XP level 2. HP: 26/26 MP: 2/2
   141 | D:2      | Found Toissiqe's Magic Scroll Shop.
   291 | D:2      | Bought a scroll of identify for 22 gold pieces
   486 | D:1      | Reached XP level 3. HP: 31/31 MP: 3/3
   697 | D:1      | Reached skill level 1 in Invocations
   880 | D:2      | Found a shimmering altar of Xom.
   895 | D:2      | Identified the +8 long sword "Fieruops" {spect, *Slow rPois
                  | Stlth+}
   965 | D:2      | Reached skill level 1 in Short Blades
   965 | D:2      | Reached skill level 1 in Long Blades
   965 | D:2      | Reached skill level 1 in Axes
   965 | D:2      | Reached skill level 1 in Polearms
   965 | D:2      | Reached skill level 1 in Staves
   965 | D:2      | Reached skill level 1 in Ranged Weapons
   965 | D:2      | Reached skill level 1 in Armour
   965 | D:2      | Reached skill level 1 in Stealth
   965 | D:2      | Reached skill level 1 in Shields
   965 | D:2      | Reached skill level 1 in Unarmed Combat
   965 | D:2      | Reached skill level 1 in Spellcasting
   965 | D:2      | Reached skill level 1 in Evocations
   965 | D:2      | Reached skill level 1 in Shapeshifting
   965 | D:2      | Reached XP level 4. HP: 31/38 MP: 5/5
  1266 | D:2      | Found Ciphiodo's General Store.
  1271 | D:2      | Bought a potion of heal wounds for 60 gold pieces
  1271 | D:2      | Bought a potion of degeneration for 12 gold pieces
  1331 | D:2      | Reached skill level 1 in Conjurations
  1331 | D:2      | Reached skill level 1 in Hexes
  1331 | D:2      | Reached skill level 1 in Summonings
  1331 | D:2      | Reached skill level 1 in Necromancy
  1331 | D:2      | Reached skill level 1 in Translocations
  1331 | D:2      | Reached skill level 1 in Fire Magic
  1331 | D:2      | Reached skill level 1 in Ice Magic
  1331 | D:2      | Reached skill level 1 in Air Magic
  1331 | D:2      | Reached skill level 1 in Earth Magic
  1331 | D:2      | Reached skill level 1 in Alchemy
  1464 | D:3      | Noticed Grinder
  1495 | D:3      | Paralysed by Grinder for 3 turns
  1501 | D:3      | Paralysed by Grinder for 3 turns
  1512 | D:3      | Paralysed by Grinder for 3 turns
  1521 | D:3      | Killed Grinder
  1522 | D:3      | Reached skill level 5 in Fighting
  1522 | D:3      | Reached skill level 5 in Throwing
  1522 | D:3      | Reached XP level 5. HP: 40/44 MP: 5/8
  1522 | D:3      | Reached XP level 6. HP: 46/51 MP: 5/9
  1754 | D:3      | Found a runed translucent gate.
  1755 | D:3      | Found a runed translucent gate.
  1756 | D:3      | Found a runed translucent gate.
  1758 | D:3      | Noticed Jigsaw's ghost (weakling GnDe)
  2032 | D:3      | Found a roughly hewn altar of Beogh.
  2507 | D:4      | Reached XP level 7. HP: 56/56 MP: 10/10
  3149 | D:5      | Entered Level 5 of the Dungeon
  3190 | D:5      | Found a transporter.
  3308 | D:5      | Reached XP level 8. HP: 58/63 MP: 12/12
  3327 | D:5      | Found an ornate altar of the Wu Jian Council.
  3517 | D:5      | Found a transporter.
  3875 | D:5      | Found a staircase to the Ecumenical Temple.
  3934 | Temple   | Found a transporter.
  3934 | Temple   | Found a transporter.
  3934 | Temple   | Found a transporter.
  3934 | Temple   | Found a transporter.
  3934 | Temple   | Entered the Ecumenical Temple
  3946 | Temple   | Became a worshipper of Warmaster Okawaru
  3981 | D:5      | Found Addy's Book Emporium.
  4459 | D:3      | Killed Jigsaw's ghost
  4740 | D:6      | Noticed Maggie
  4751 | D:6      | Killed Maggie
  4852 | D:6      | Found a glowing drain.
  4897 | D:6      | Reached * piety under Okawaru
  4898 | D:6      | Reached XP level 9. HP: 58/69 MP: 14/14
  4930 | Sewer    | Entered a sewer
  4994 | Sewer    | Noticed Pargi
  5001 | Sewer    | Killed Pargi
  5185 | D:6      | Noticed Dowan
  5188 | D:6      | Noticed Duvessa
  5200 | D:6      | Killed Duvessa
  5205 | D:6      | Killed Dowan
  5296 | D:6      | Found a shimmering altar of Xom.
  5337 | D:6      | Noticed a hornet
  5344 | D:6      | Killed a hornet
  5627 | D:7      | Reached skill level 5 in Invocations
  5744 | D:7      | Reached ** piety under Okawaru
  5922 | D:7      | Noticed Menkaure
  5929 | D:7      | Killed Menkaure
  6097 | D:7      | Found a broken altar of Ashenzari.
  6195 | D:7      | Reached skill level 5 in Short Blades
  6195 | D:7      | Reached skill level 5 in Long Blades
  6195 | D:7      | Reached skill level 5 in Axes
  6195 | D:7      | Reached skill level 5 in Polearms
  6195 | D:7      | Reached skill level 5 in Staves
  6195 | D:7      | Reached skill level 5 in Ranged Weapons
  6195 | D:7      | Reached skill level 5 in Armour
  6195 | D:7      | Reached skill level 5 in Stealth
  6195 | D:7      | Reached skill level 5 in Shields
  6195 | D:7      | Reached skill level 5 in Unarmed Combat
  6195 | D:7      | Reached skill level 5 in Spellcasting
  6195 | D:7      | Reached skill level 5 in Evocations
  6195 | D:7      | Reached XP level 10. HP: 77/77 MP: 17/17
  6597 | D:8      | Found a staircase to the Lair.
  6771 | D:8      | Reached *** piety under Okawaru
  6959 | D:8      | Noticed a two-headed ogre
  6970 | D:8      | Killed a two-headed ogre
  6971 | D:8      | Reached skill level 5 in Shapeshifting
  7414 | D:9      | Noticed Pikel
  7435 | D:9      | Reached **** piety under Okawaru
  7914 | D:9      | Noticed Grum
  7940 | D:9      | Reached skill level 5 in Conjurations
  7940 | D:9      | Reached skill level 5 in Hexes
  7940 | D:9      | Reached skill level 5 in Summonings
  7940 | D:9      | Reached skill level 5 in Necromancy
  7940 | D:9      | Reached skill level 5 in Translocations
  7940 | D:9      | Reached skill level 5 in Fire Magic
  7940 | D:9      | Reached skill level 5 in Ice Magic
  7940 | D:9      | Reached skill level 5 in Air Magic
  7940 | D:9      | Reached skill level 5 in Earth Magic
  7940 | D:9      | Reached skill level 5 in Alchemy
  7947 | D:9      | Reached XP level 11. HP: 39/85 MP: 20/20
  7950 | D:9      | Killed Grum
  8228 | D:9      | Killed Pikel
  8725 | D:9      | Reached ***** piety under Okawaru
  8983 | D:10     | Entered Level 10 of the Dungeon
  9116 | D:10     | Found a portal to a secret trove of treasure.
  9293 | D:10     | Found a runed translucent gate.
  9570 | D:10     | Found a runed translucent gate.
  9570 | D:10     | Found a runed translucent gate.
  9684 | D:10     | Noticed pokeman's ghost (journeyman DEHW)
  9924 | D:11     | Noticed a boulder beetle
  9954 | D:11     | Killed a boulder beetle
 10081 | D:11     | Identified the +10 dagger "Beetleslayer" {pain, rF- rC-
                  | Dex+9 SInv}
 10410 | D:11     | Found a staircase to the Orcish Mines.
 11004 | Orc:1    | Entered Level 1 of the Orcish Mines
 11011 | Orc:1    | Noticed an orc knight
 11364 | Lair:1   | Entered Level 1 of the Lair of Beasts
 11590 | Lair:1   | Received a gift from Okawaru
 11599 | Lair:1   | Noticed Gastronok
 11777 | Lair:1   | Noticed Fannar
 11808 | Lair:1   | Killed Fannar
 11809 | Lair:1   | Reached XP level 12. HP: 52/94 MP: 6/22
 11957 | Lair:1   | HP: 3/94 [Gastronok/the air (26)]
 12980 | Orc:1    | Found Nulesoteu's Firing Range.
 13577 | Orc:1    | Reached skill level 10 in Maces & Flails
 13577 | Orc:1    | Reached skill level 10 in Dodging
 14431 | D:2      | Bought a scroll of fear for 44 gold pieces
 14431 | D:2      | Bought a scroll of fog for 44 gold pieces
 14431 | D:2      | Bought a scroll of torment for 104 gold pieces
 14431 | D:2      | Bought a scroll of identify for 22 gold pieces
 14588 | Lair:1   | Killed Gastronok
 14825 | Lair:1   | Received a gift from Okawaru
 15422 | Lair:1   | Noticed a catoblepas
 15455 | Lair:1   | Killed a catoblepas
 15456 | Lair:1   | Reached XP level 13. HP: 59/101 MP: 25/25
 16145 | Lair:2   | Found a staircase to the Shoals.
 16363 | Lair:2   | Received a gift from Okawaru
 16960 | Lair:2   | Learned a level 3 spell: Fugue of the Fallen
 17627 | Lair:2   | Upgraded the game from 0.32-a0-818-gb728d0252e to
                  | 0.32-a0-834-geaf45d8e21
 17632 | Lair:2   | Found a hole to the Spider Nest.
 18471 | Lair:2   | Found a hole to the Spider Nest.
 18574 | Lair:2   | Found a staircase to the Shoals.
 19036 | Lair:2   | Found a hole to the Spider Nest.
 19139 | Lair:2   | Found a staircase to the Shoals.
 19875 | Lair:2   | Received a gift from Okawaru
 20554 | Lair:3   | Reached skill level 10 in Fighting
 20554 | Lair:3   | Reached skill level 10 in Throwing
 21498 | Lair:4   | Found a staircase to the Slime Pits.
 21501 | Lair:4   | Received a gift from Okawaru
 21543 | Lair:4   | Found a viscous altar of Jiyva.
 21807 | Lair:3   | Reached skill level 10 in Invocations
 21807 | Lair:3   | Reached XP level 14. HP: 84/110 MP: 27/27
 22249 | Lair:4   | Received a gift from Okawaru
 23583 | Lair:4   | Found a staircase to the Slime Pits.
 23584 | Lair:4   | Found a viscous altar of Jiyva.
 24017 | Lair:5   | Entered Level 5 of the Lair of Beasts
 24390 | Lair:5   | Received a gift from Okawaru
 24564 | Lair:5   | Identified the maw talisman of Hedge Wizardry {Will+ Str+4}
 24564 | Lair:5   | Noticed Rupert
 25518 | Lair:5   | Received a gift from Okawaru
 26668 | Orc:2    | Entered Level 2 of the Orcish Mines
 26885 | Orc:2    | Noticed Donald
 26900 | Orc:2    | Killed Donald
 26901 | Orc:2    | Reached skill level 10 in Short Blades
 26901 | Orc:2    | Reached skill level 10 in Long Blades
 26901 | Orc:2    | Reached skill level 10 in Axes
 26901 | Orc:2    | Reached skill level 10 in Polearms
 26901 | Orc:2    | Reached skill level 10 in Staves
 26901 | Orc:2    | Reached skill level 10 in Ranged Weapons
 26901 | Orc:2    | Reached skill level 10 in Armour
 26901 | Orc:2    | Reached skill level 10 in Stealth
 26901 | Orc:2    | Reached skill level 10 in Shields
 26901 | Orc:2    | Reached skill level 10 in Unarmed Combat
 26901 | Orc:2    | Reached skill level 10 in Spellcasting
 26901 | Orc:2    | Reached skill level 10 in Evocations
 27200 | Orc:2    | Noticed an orc warlord
 27214 | Orc:2    | Killed an orc warlord
 27215 | Orc:2    | Reached XP level 15. HP: 75/110 MP: 27/29
 27327 | Orc:2    | Found a roughly hewn altar of Beogh.
 27508 | Orc:2    | Received a gift from Okawaru
 27553 | Orc:2    | Found Neosipeo's Antique Weapon Boutique.
 27800 | Orc:2    | Found Olokhlai's General Store.
 27817 | Orc:2    | Bought a scroll of identify for 26 gold pieces
 27817 | Orc:2    | Bought a scroll of teleportation for 39 gold pieces
 27817 | Orc:2    | Bought a scroll of blinking for 97 gold pieces
 27817 | Orc:2    | Bought a wand of iceblast (5) for 156 gold pieces
 28786 | Orc:2    | Found a staircase to the Elven Halls.
 28909 | Orc:2    | Received a gift from Okawaru
 29228 | Orc:2    | Noticed an orc warlord
 29250 | Orc:2    | Killed an orc warlord
 29262 | Orc:2    | Found Hiulo's Armour Shoppe.
 29725 | Orc:2    | Found a roughly hewn altar of Beogh.
 30181 | Orc:2    | Found Hefiegoq's Antique Armour Emporium.
 30377 | D:12     | Noticed Nessos
 30383 | D:12     | Killed Nessos
 30437 | D:12     | Received a gift from Okawaru
 30651 | D:12     | Found a flickering gateway to a bazaar.
 30655 | Bazaar   | Entered a bazaar
 30655 | Bazaar   | Found Pegenweu's Book Shoppe.
 30655 | Bazaar   | Found Deamn's Antique Weapon Shoppe.
 30759 | Bazaar   | Found Agoggi's Antique Armour Boutique.
 30770 | Bazaar   | Found Qociqas's Distillery.
 30778 | Bazaar   | Bought a potion of brilliance for 44 gold pieces
 30778 | Bazaar   | Bought a potion of resistance for 110 gold pieces
 30778 | Bazaar   | Bought a potion of curing for 33 gold pieces
 30790 | Bazaar   | Found Ynielovu's General Store.
 30798 | Bazaar   | Bought a potion of enlightenment for 60 gold pieces
 30798 | Bazaar   | Bought a scroll of noise for 12 gold pieces
 30798 | Bazaar   | Bought a +1 pair of boots of rampaging for 198 gold pieces
 30817 | Bazaar   | Bought a scroll of enchant weapon for 90 gold pieces
 30866 | Bazaar   | Bought a transparent morningstar for 252 gold pieces
 30866 | Bazaar   | Identified the +1 morningstar of Lav Ulutz {flame, Dex+4
                  | SInv} (You bought it in a shop in a bazaar)
 32388 | D:13     | Learned a level 5 spell: Freezing Cloud
 32391 | D:13     | Learned a level 2 spell: Lesser Beckoning
 32929 | D:13     | Found a gate to the Vaults.
 32952 | D:13     | Received a gift from Okawaru
 33109 | D:13     | Found Jyjuwuxt's Jewellery Boutique.
 33147 | D:13     | Bought an amulet of the acrobat for 390 gold pieces
 33440 | D:13     | Reached skill level 10 in Shapeshifting
 33752 | D:14     | Found a large runed translucent door.
 33752 | D:14     | Found a large runed translucent door.
 33754 | D:14     | Noticed Foxy's ghost (adept CoBe)
 33890 | D:14     | Reached XP level 16. HP: 127/127 MP: 30/30
 33996 | D:14     | Noticed Jorgrun
 34287 | D:14     | Killed Jorgrun
 35410 | D:14     | Upgraded the game from 0.32-a0-834-geaf45d8e21 to
                  | 0.32-a0-841-g4648e6c457
 35411 | D:15     | Entered Level 15 of the Dungeon
 35577 | D:14     | Received a gift from Okawaru
 37249 | D:15     | Found a staircase to the Depths.
 37260 | D:15     | Received a gift from Okawaru
 38413 | D:15     | Found a staircase to the Depths.
 38639 | Spider:1 | Entered Level 1 of the Spider Nest
 38775 | Spider:1 | Noticed Agnes
 38788 | Spider:1 | Killed Agnes
 39309 | Spider:1 | Upgraded the game from 0.32-a0-841-g4648e6c457 to
                  | 0.32-a0-859-gb0a091d592
 40142 | Spider:1 | Received a gift from Okawaru
 40340 | Spider:1 | Reached XP level 17. HP: 135/135 MP: 32/32
 40341 | Spider:1 | Reached skill level 10 in Conjurations
 40341 | Spider:1 | Reached skill level 10 in Hexes
 40341 | Spider:1 | Reached skill level 10 in Summonings
 40341 | Spider:1 | Reached skill level 10 in Necromancy
 40341 | Spider:1 | Reached skill level 10 in Translocations
 40341 | Spider:1 | Reached skill level 10 in Fire Magic
 40341 | Spider:1 | Reached skill level 10 in Ice Magic
 40341 | Spider:1 | Reached skill level 10 in Air Magic
 40341 | Spider:1 | Reached skill level 10 in Earth Magic
 40341 | Spider:1 | Reached skill level 10 in Alchemy
 40341 | Spider:1 | Reached XP level 18. HP: 142/142 MP: 33/33
 40411 | Spider:2 | Identified the +0 pair of boots of Ucuerr {Harm Dex-4
                  | Slay+3}
 41956 | Spider:2 | Identified a scroll of acquirement
 41964 | Spider:2 | Acquired the ring of the Tuna {rF++ EV+5}
 42341 | Spider:3 | Reached XP level 19. HP: 113/148 MP: 0/35
 42581 | Spider:3 | Received a gift from Okawaru
 42760 | Spider:3 | Identified the +0 pair of gloves of Discretion {rElec rC+
                  | Str-2 Int+4}
 44086 | Spider:4 | Entered Level 4 of the Spider Nest
 44130 | Spider:3 | Learned a level 4 spell: Ignite Poison
 44136 | Spider:3 | Learned a level 5 spell: Lee's Rapid Deconstruction
 45291 | Spider:3 | Received a gift from Okawaru
 46095 | Spider:4 | Identified the +1 robe "Nigast" {Harm *Slow rN++ Str+3}
 47735 | Spider:4 | Got a gossamer rune of Zot
 48134 | Spider:4 | Upgraded the game from 0.32-a0-859-gb0a091d592 to
                  | 0.32-a0-868-g153ae1a8d6
 48391 | Vaults:1 | Entered Level 1 of the Vaults
 48535 | Elf:1    | Entered Level 1 of the Elven Halls
 48581 | Elf:1    | Received a gift from Okawaru
 48724 | Elf:1    | Reached ****** piety under Okawaru
 48918 | Elf:1    | Got the Treatise on Energetic Glaciation
 48924 | Elf:1    | Got the Dissertation on Generated Trauma
 48929 | Elf:1    | Learned a level 3 spell: Mephitic Cloud
 49049 | Elf:1    | Acquired the +0 pair of boots of the Hidden Vale {rElec
                  | Str+5}
 49049 | Elf:1    | Received a gift from Okawaru
 49076 | Elf:1    | Acquired the +7 eveningstar of the Crafting Gods {freeze,
                  | *Slow rF- rC+++ Str+3}
 49076 | Elf:1    | Received a gift from Okawaru
 49642 | Elf:1    | Noticed Azrael
 49655 | Elf:1    | Killed Azrael
 49656 | Elf:1    | Reached XP level 20. HP: 140/158 MP: 3/37
 50101 | Elf:1    | Noticed Asterion
 50105 | Elf:1    | Killed Asterion
 50105 | Elf:1    | Received a gift from Okawaru
 50845 | Elf:2    | Found a runed translucent gate.
 50846 | Elf:2    | Found a runed translucent gate.
 50847 | Elf:2    | Found a runed translucent gate.
 50847 | Elf:2    | Noticed gdog's ghost (adept GnDe)
 51020 | Elf:2    | Found a runed translucent gate.
 51234 | Elf:2    | Got the Handbook of Combed Thunderclap
 51241 | Elf:2    | Got the Atlas of Sand
 51258 | Elf:2    | Got the Quarto of Axaxaxas mlö
 51341 | Elf:2    | Found a runed translucent gate.
 51342 | Elf:2    | Found a runed translucent gate.
 51405 | Elf:2    | Killed gdog's ghost
 51574 | Elf:2    | Received a gift from Okawaru
 53036 | Elf:3    | Entered Level 3 of the Elven Halls
 53510 | Elf:3    | Found Guerpheydgh's Magic Scroll Shop.
 53546 | Elf:3    | Bought a scroll of teleportation for 33 gold pieces
 53546 | Elf:3    | Bought a scroll of teleportation for 33 gold pieces
 53546 | Elf:3    | Bought a scroll of acquirement for 572 gold pieces
 53546 | Elf:3    | Acquired 502 gold pieces
 53600 | Elf:3    | Identified the +1 pair of gloves of Eternal Night {rN+++
                  | Regen+ Int-3 Stlth-}
 53600 | Elf:3    | Noticed Nikola
 53614 | Elf:3    | Killed Nikola
 53614 | Elf:3    | Received a gift from Okawaru
 53908 | Elf:3    | Identified the +1 dagger of Peril {freeze, Int+3}
 53915 | Elf:3    | Reached skill level 15 in Maces & Flails
 53915 | Elf:3    | Reached skill level 15 in Dodging
 54335 | Elf:3    | Noticed a Brimstone Fiend
 54397 | Elf:3    | Received a gift from Okawaru
 54938 | Elf:3    | Identified the +2 robe of Hospitality {-Cast Str+4 Stlth+}
 54955 | Elf:3    | Reached XP level 21. HP: 101/166 MP: 21/38
 55050 | Elf:3    | Reached skill level 15 in Invocations
 55114 | Elf:3    | Identified the +2 morningstar "Faafitem" {chaos, Fly rF+
                  | Int+2 Stlth+}
 55132 | Elf:3    | Identified the +2 great sword of Darkness {heavy, SInv
                  | Stlth+}
 55132 | Elf:3    | Identified the ring "Boatym Ocru" {Str+6 Slay+3}
 55361 | Elf:3    | Identified the amulet "Pypreaxo" {Acrobat Fly Str+5 Int-5}
 55585 | Elf:3    | Received a gift from Okawaru
 55741 | Elf:3    | Identified the +2 cloak "Solaerch" {Str+5}
 55762 | Elf:3    | Identified the staff of the Incandescent {rC+ Int+3 Ice}
 56068 | Elf:3    | Found Guerpheydgh's Magic Scroll Shop.
 56945 | Elf:3    | Found Guerpheydgh's Magic Scroll Shop.
 57861 | Vaults:1 | Found Kuthre's Distillery.
 58361 | Vaults:1 | Received a gift from Okawaru
 59129 | Vaults:1 | Reached skill level 15 in Fighting
 59129 | Vaults:1 | Reached skill level 15 in Throwing
 59134 | Vaults:1 | Received a gift from Okawaru
 59303 | Vaults:1 | Identified the ring "Voutig" {rC- EV+5 Dex+4 Stlth+}
 59927 | Vaults:2 | Got Nilorufo's Enchiridion on Metallic Anemomancy
 59931 | Vaults:2 | Learned a level 2 spell: Mercury Vapours
 59936 | Vaults:2 | Learned a level 4 spell: Iskenderun's Mystic Blast
 59942 | Vaults:2 | Identified the +5 shortbow "Onen" {drain, rN+}
 60050 | Vaults:2 | Received a gift from Okawaru
 60340 | Vaults:2 | Reached XP level 22. HP: 175/175 MP: 40/40
 61047 | Vaults:2 | Received a gift from Okawaru
 61315 | Vaults:3 | Found a staircase to the Crypt.
 61315 | Vaults:3 | Found a basalt altar of Yredelemnul.
 61315 | Vaults:3 | Found an ancient bone altar of Kikubaaqudgha.
 61531 | Vaults:3 | Identified the +8 great sword "Egojeirph" {vamp, rElec
                  | Stlth+}
 62288 | Vaults:3 | Received a gift from Okawaru
 62709 | Vaults:4 | Reached skill level 15 in Short Blades
 62709 | Vaults:4 | Reached skill level 15 in Long Blades
 62709 | Vaults:4 | Reached skill level 15 in Axes
 62709 | Vaults:4 | Reached skill level 15 in Polearms
 62709 | Vaults:4 | Reached skill level 15 in Staves
 62709 | Vaults:4 | Reached skill level 15 in Ranged Weapons
 62709 | Vaults:4 | Reached skill level 15 in Armour
 62709 | Vaults:4 | Reached skill level 15 in Stealth
 62709 | Vaults:4 | Reached skill level 15 in Shields
 62709 | Vaults:4 | Reached skill level 15 in Unarmed Combat
 62709 | Vaults:4 | Reached skill level 15 in Spellcasting
 62709 | Vaults:4 | Reached skill level 15 in Evocations
 62813 | Vaults:4 | Found a crumbling gateway.
 62839 | Desolati | Entered the Desolation of Salt
 63016 | Desolati | Received a gift from Okawaru
 63200 | Desolati | Got the Exposition on Called Damage
 63607 | Desolati | Identified the amulet of Levity {Acrobat rC+ Dex+2}
 63624 | Desolati | Identified the +1 cloak "Viel" {Int+6 Dex+2 Slay+5}
 63697 | Desolati | Received a gift from Okawaru
 63733 | Desolati | Identified the amulet of Springtime {Spirit rC++ Regen+
                  | rCorr Stlth-}
 63742 | Desolati | Got the Vademecum on the Charged Mortar
 64577 | Vaults:4 | Reached XP level 23. HP: 183/183 MP: 42/42
 66736 | Shoals:1 | Entered Level 1 of the Shoals
 66743 | Shoals:1 | Received a gift from Okawaru
 66805 | Shoals:1 | Noticed Louise
 66805 | Shoals:1 | Noticed Kirke
 66841 | Lair:2   | Killed Kirke
 66880 | Shoals:1 | Killed Louise
 68606 | Shoals:3 | Noticed Ilsuiw
 68724 | Shoals:3 | Killed Ilsuiw
 68730 | Shoals:3 | Received a gift from Okawaru
 68827 | Shoals:3 | Identified the +7 morningstar "Yjumuut" {flame, *Rage rPois
                  | rN+}
 69591 | Shoals:4 | Entered Level 4 of the Shoals
 69750 | Shoals:4 | Identified the +1 ring mail of the Komodo Dragon {^Contam
                  | rElec MP+9 Dex+2}
 69880 | Shoals:4 | Got a barnacled rune of Zot
 70168 | Shoals:4 | Received a gift from Okawaru
 70690 | Shoals:4 | Identified the +1 quarterstaff "Putifen" {speed, Dex+4}
 70957 | Depths:1 | Entered Level 1 of the Depths
 70957 | Depths:1 | Found a shadowy altar of Dithmenos.
 71028 | Depths:1 | Reached XP level 24. HP: 190/193 MP: 43/43
 71186 | Depths:1 | Found a one-way gate to the infinite horrors of the Abyss.
 71350 | Depths:1 | Found a gateway to Hell.
 71437 | Depths:1 | Found a transporter.
 71471 | Depths:1 | Found a transporter.
 71528 | Depths:1 | Noticed Eluafa Diuxt's ghost (veteran TrGl)
 71546 | Depths:1 | Noticed a dread lich
 71873 | Depths:2 | Received a gift from Okawaru
 71940 | Depths:2 | Reached skill level 15 in Shapeshifting
 72377 | Depths:2 | Identified the +1 robe of the Tuna {rF+ Dex+2}
 72779 | Depths:2 | You are sucked into a shaft and drop 1 floor!
 72816 | Depths:3 | Paralysed by an air elemental for 1 turns
 73076 | Depths:3 | Received a gift from Okawaru
 73182 | Depths:3 | Acquired a manual of Air Magic
 73250 | Depths:3 | Found a one-way gateway to a ziggurat.
 73622 | Depths:3 | Found a one-way gate leading to the halls of Pandemonium.
 73832 | Depths:3 | Found Evyfiss's Book Boutique.
 73843 | Depths:3 | Bought a book of Spatial Translocations for 306 gold pieces
 73846 | Depths:3 | Learned a level 2 spell: Blink
 73877 | Depths:4 | Entered Level 4 of the Depths
 74011 | Depths:4 | Noticed a juggernaut
 74021 | Depths:4 | Killed a juggernaut
 74057 | Depths:4 | Received a gift from Okawaru
 74071 | Depths:4 | HP: 8/195 [white draconian stormcaller/blast of cold (33)]
 74857 | Depths:4 | Noticed a caustic shrike
 74857 | Depths:4 | Noticed a caustic shrike
 74858 | Depths:4 | Noticed a caustic shrike
 74860 | Depths:4 | Noticed a caustic shrike
 74860 | Depths:4 | Noticed a caustic shrike
 74873 | Depths:4 | Killed a caustic shrike
 74874 | Depths:4 | Reached XP level 25. HP: 179/201 MP: 43/43
 74984 | Depths:4 | Noticed a juggernaut
 74997 | Depths:4 | Killed a juggernaut
 74998 | Depths:4 | Received a gift from Okawaru
 75292 | Depths:4 | Found a gate to the Realm of Zot.
 75316 | Depths:4 | Noticed a dread lich
 75324 | Depths:4 | Killed a dread lich
 75899 | D:10     | Killed pokeman's ghost
 76107 | Lair:5   | Killed Rupert
 76386 | D:14     | Killed Foxy's ghost
 76398 | D:14     | Identified the +4 great sword of the Middle {freeze, rElec
                  | Will++ Int-3}
 76576 | Depths:1 | Killed a dread lich
 76580 | Depths:1 | Received a gift from Okawaru
 76582 | Depths:1 | Reached skill level 15 in Air Magic
 76606 | Depths:1 | Killed Eluafa Diuxt's ghost
 76743 | Depths:1 | Identified the ring of Foarchoena {rElec rC+ Will- rCorr
                  | Int+6}
 77093 | Vaults:5 | Entered Level 5 of the Vaults
 77508 | Vaults:5 | Received a gift from Okawaru
 77692 | Vaults:5 | Noticed a dread lich
 77823 | Vaults:4 | Killed a dread lich
 77837 | Vaults:5 | Gained mutation: You are partially covered in iridescent
                  | scales. (AC +2) [a shining eye]
 77839 | Vaults:5 | Gained mutation: You are vulnerable to heat. (rF-) [a
                  | shining eye]
 77879 | Vaults:5 | Reached XP level 26. HP: 211/211 MP: 41/44
 78235 | Vaults:5 | Identified the +2 robe of Fanaticism {^Contam +Inv Will+
                  | SInv}
 78301 | Vaults:5 | Got a silver rune of Zot
 78479 | Vaults:5 | Received a gift from Okawaru
 78487 | Vaults:5 | Reached skill level 15 in Conjurations
 78487 | Vaults:5 | Reached skill level 15 in Hexes
 78487 | Vaults:5 | Reached skill level 15 in Summonings
 78487 | Vaults:5 | Reached skill level 15 in Necromancy
 78487 | Vaults:5 | Reached skill level 15 in Translocations
 78487 | Vaults:5 | Reached skill level 15 in Fire Magic
 78487 | Vaults:5 | Reached skill level 15 in Ice Magic
 78487 | Vaults:5 | Reached skill level 15 in Earth Magic
 78487 | Vaults:5 | Reached skill level 15 in Alchemy
 78524 | Vaults:5 | Noticed a dread lich
 78526 | Vaults:5 | Found Funyarph's Antique Armour Shoppe.
 78527 | Vaults:5 | Found Sodeivin's Magic Scroll Shop.
 78534 | Vaults:5 | Killed a dread lich
 78536 | Vaults:5 | Noticed an ancient lich
 78546 | Vaults:5 | Noticed a dread lich
 78549 | Vaults:5 | Killed an ancient lich
 78687 | Vaults:5 | Found Xeruaf's General Store.
 78696 | Vaults:5 | Bought a scroll of teleportation for 39 gold pieces
 78704 | Vaults:5 | Bought a potion of haste for 220 gold pieces
 78732 | Vaults:5 | Found Neer's Antique Armour Boutique.
 79021 | Vaults:5 | Killed a dread lich
 79246 | Vaults:5 | Found Neer's Antique Armour Boutique.
 79273 | Vaults:5 | Found Funyarph's Antique Armour Shoppe.
 79274 | Vaults:5 | Found Sodeivin's Magic Scroll Shop.
 79277 | Vaults:5 | Found Xeruaf's General Store.
 79731 | Vaults:5 | Found Neer's Antique Armour Boutique.
 80597 | D:10     | You paid a toll of +2 gold dragon scales to enter a
                  | treasure trove
 80598 | Trove    | Entered a treasure trove
 80602 | Trove    | Identified the amulet "Cyos" {^Drain Fly rN+++ RegenMP+
                  | Slay-4}
 80604 | Trove    | Identified the ring of Autumn {rC+ Will+ rCorr}
 80606 | Trove    | Identified the ring "Tesih" {rElec rPois Dex+6}
 80610 | Trove    | Identified the amulet "Tampazy" {RegenMP+ Str+3}
 80614 | Trove    | Identified the ring "Fituxt" {Fire rElec Str+2 Dex+3}
 80617 | Trove    | Identified the ring "Nuykkiph" {rN+ Str+5 Int-5 Dex+6}
 80619 | Trove    | Identified the amulet "Okufipum" {Faith -Cast rF+++ rC+
                  | SInv}
 80622 | Trove    | Identified the amulet "Lireckeq" {Spirit rCorr}
 80624 | Trove    | Identified the ring "Ylalet" {rF+ rC+ rCorr Int+6 Dex-4}
 81244 | Zot:1    | Entered Level 1 of the Realm of Zot
 81399 | Depths:4 | Received a gift from Okawaru
 82522 | Zot:1    | Found the +4 dragonskin cloak {Aegis}
 82522 | Zot:1    | Noticed Tiamat
 82563 | Zot:1    | Killed Tiamat
 82578 | Zot:1    | Received a gift from Okawaru
 83162 | Zot:1    | Noticed an orb of fire
 83171 | Zot:1    | Gained mutation: You are dopey. (Int -2) [an orb of fire]
 83180 | Zot:1    | Killed an orb of fire
 83340 | Zot:1    | Reached XP level 27. HP: 213/219 MP: 43/45
 84498 | Zot:1    | Received a gift from Okawaru
 84943 | Zot:2    | Noticed an orb of fire
 85000 | Zot:2    | Gained mutation: You are clumsy. (Dex -2) [an orb of fire]
 85008 | Zot:2    | Gained mutation: Your spells are a little easier to cast,
                  | but a little less powerful. [an orb of fire]
 85014 | Zot:2    | Killed an orb of fire
 85014 | Zot:2    | Received a gift from Okawaru
 85723 | Zot:2    | Identified the +11 glaive "Pufavoixu" {holy, MP+9}
 86712 | Zot:3    | Found a runed translucent gate.
 86713 | Zot:3    | Found a runed translucent gate.
 86715 | Zot:3    | Found a runed translucent gate.
 86715 | Zot:3    | Noticed Wadir's ghost (veteran MiBe)
 87056 | Zot:3    | Acquired the Incunabulum of the Parabolic Caves
 87063 | Zot:3    | Learned a level 4 spell: Maxwell's Portable Piledriver
 87071 | Zot:3    | Learned a level 7 spell: Manifold Assault
 87078 | Zot:3    | Learned a level 6 spell: Gell's Gavotte
 87493 | Zot:3    | Received a gift from Okawaru
 87896 | Zot:3    | Killed Wadir's ghost
 88951 | Zot:5    | Entered Level 5 of the Realm of Zot
 89549 | Zot:5    | Upgraded the game from 0.32-a0-868-g153ae1a8d6 to
                  | 0.32-a0-871-ge202e49faa
 89549 | Zot:5    | Upgraded the game from 0.32-a0-871-ge202e49faa to
                  | 0.32-a0-872-g59262bdc9b
 89992 | Slime:1  | Entered Level 1 of the Pits of Slime
 90287 | Slime:2  | Received a gift from Okawaru
 90548 | Slime:3  | Lost mutation: Your spells are a little easier to cast, but
                  | a little less powerful. [a shining eye]
 91388 | Slime:3  | Paralysed by a formless jellyfish for 1 turns
 91424 | Slime:4  | Paralysed by a formless jellyfish for 1 turns
 91969 | Slime:5  | Entered Level 5 of the Pits of Slime
 92035 | Slime:5  | Found the +0 mask of the Dragon {Will+ Slay+3 SInv}
 92171 | Slime:5  | Noticed the Royal Jelly
 92224 | Slime:5  | Received a gift from Okawaru
 92479 | Arena    | Entered the Arena
 92488 | Arena    | Killed the Royal Jelly
 92584 | Slime:5  | Identified the +10 scale mail of the Trombone {Int+4}
 92586 | Slime:5  | Identified the +1 dagger of Umuin {flame, rF+ Will+ rCorr
                  | Int+3}
 92710 | Slime:5  | Got the Papyrus of Fever and the Adder
 92712 | Slime:5  | Got a slimy rune of Zot
 92742 | Slime:5  | Identified the +3 sling of Moosk {speed, rC+ Int+4}
 92965 | Slime:5  | Identified the +6 falchion "Keintogi" {venom, ^Fragile rN+
                  | Str+3}
 92966 | Slime:5  | Identified the ring "Ubeur" {rPois rF+ rC+ Int-2 Dex+6}
 93494 | Elf:3    | Lost mutation: You are vulnerable to heat. (rF-) [potion of
                  | mutation]
 93494 | Elf:3    | Lost mutation: You are dopey. (Int -2) [potion of mutation]
 93494 | Elf:3    | Lost mutation: You are partially covered in iridescent
                  | scales. (AC +2) [potion of mutation]
 93494 | Elf:3    | Gained mutation: You are vulnerable to cold. (rC-) [potion
                  | of mutation]
 93494 | Elf:3    | Gained mutation: You have a pair of small antennae on your
                  | head. [potion of mutation]
 93807 | Temple   | Fell from the grace of Okawaru
 93807 | Temple   | Became a worshipper of the Shining One
 94121 | Crypt:1  | Entered Level 1 of the Crypt
 94153 | Crypt:1  | Reached * piety under the Shining One
 94249 | Crypt:1  | Reached ** piety under the Shining One
 94667 | Crypt:1  | Reached *** piety under the Shining One
 94873 | Crypt:2  | Noticed Vv
 94896 | Crypt:2  | Killed Vv
 94959 | Crypt:2  | Reached **** piety under the Shining One
 95079 | Crypt:2  | Reached ***** piety under the Shining One
 95190 | Crypt:2  | Acquired a manual of Hexes
 95276 | Crypt:2  | Found a basalt altar of Yredelemnul.
 95373 | Crypt:2  | Identified the ring "Sid Esur" {Ice Will- Int+2 Dex+4}
 95376 | Crypt:2  | Noticed Bai Suzhen
 95405 | Crypt:2  | Killed Bai Suzhen
 95712 | Crypt:3  | Entered Level 3 of the Crypt
 95735 | Crypt:3  | Reached ****** piety under the Shining One
 96128 | Crypt:3  | Found a basalt altar of Yredelemnul.
 96128 | Crypt:3  | Noticed a dread lich
 96135 | Crypt:3  | Killed a dread lich
 96233 | Crypt:3  | Found a staircase to the Tomb.
 96523 | Crypt:3  | Identified the staff of Ilucufifi {rN+ Int+5 Necro Ice}
 96524 | Crypt:3  | Identified the ring of Tender Moments {Fly rElec rC- rN++
                  | Str+4 Int-3}
 96524 | Crypt:3  | Identified the ring of Depumud {rN++ Int+6 Dex+7 Slay-2}
 97253 | Hell     | Entered the Vestibule of Hell
 97253 | Hell     | Noticed Geryon
 97281 | Hell     | Killed Geryon
 97945 | Hell     | Found a gateway to the freezing wastes of Cocytus.
 98089 | Hell     | Found a gateway to the decaying netherworld of Tartarus.
 98304 | Hell     | Found a gateway to the ashen valley of Gehenna.
 98413 | Hell     | Found a gateway to the Iron City of Dis.
 98644 | Hell     | Identified a +9 sacred scourge of holy wrath (a +9 heavy
                  | demon whip blessed by the Shining One)
 98644 | Hell     | Received a gift from the Shining One
 98732 | Depths:1 | Voluntarily entered the Abyss.
 98744 | Abyss:1  | Found a corrupted altar of Lugonu.
 98917 | Abyss:3  | Was forgiven by Okawaru
 99088 | Abyss:3  | Found a corrupted altar of Lugonu.
 99169 | Abyss:4  | Found a corrupted altar of Lugonu.
 99260 | Abyss:4  | Got an abyssal rune of Zot
 99284 | Depths:1 | Escaped the Abyss
 99405 | Pan      | Entered the realm of Gloorx Vloq.
 99405 | Pan      | Entered Pandemonium
100484 | Pan      | Noticed Gloorx Vloq
100555 | Pan      | Learned a level 4 spell: Vhi's Electric Charge
100562 | Pan      | Learned a level 6 spell: Bombard
100569 | Pan      | Learned a level 6 spell: Plasma Beam
100894 | Pan      | Got a dark rune of Zot
101036 | Pan      | Noticed Gloorx Vloq
101058 | Pan      | Killed Gloorx Vloq
101069 | Pan      | Was placed under penance by the Shining One
101235 | Pan      | Gained mutation: You are frail. (-10% HP) [a neqoxec]
101600 | Pan      | Was forgiven by the Shining One
102176 | Pan      | Noticed Samilep the pandemonium lord
102182 | Pan      | Killed Samilep the pandemonium lord
102189 | Pan      | Got a demonic rune of Zot
102674 | Pan      | Found a huge runed translucent gate.
103224 | Pan      | Found a white marble altar of Elyvilon.
104102 | Pan      | Identified the +0 tower shield of Gozag's Vengeance {rN+
                  | Dex-5 Slay+2}
104510 | Pan      | Found a glowing silver altar of Zin.
104652 | Pan      | Identified the +1 dagger "Oxiucapi" {drain, *Corrode rC+++
                  | Str+3}
104826 | Pan      | Identified the +10 sling "Muumusm" {flame, +Blink Str-3
                  | Int+8 Dex-2}
105322 | Pan      | Identified the +10 tower shield "Alillyt" {Harm rN++ rCorr
                  | Str-3}
105526 | Pan      | Noticed a seraph
105544 | Pan      | Killed a seraph
105586 | Pan      | Upgraded the game from 0.32-a0-872-g59262bdc9b to
                  | 0.32-a0-876-gcfddb08e57
105815 | Pan      | Found a glowing golden altar of the Shining One.
105831 | Pan      | Identified the staff of Dim Light {rF+ Conj Earth}
106287 | Depths:3 | Escaped Pandemonium
106290 | Pan      | Entered the realm of Mnoleg.
106290 | Pan      | Entered Pandemonium
106749 | Pan      | Found an exit through the horrors of the Abyss.
107442 | Pan      | Gained mutation: Your body sometimes deteriorates upon
                  | taking damage. [a cacodemon]
108008 | Pan      | Paralysed by a jorogumo for 3 turns
108788 | Pan      | Noticed Mnoleg
109195 | Pan      | Gained mutation: You occasionally lose the ability to read
                  | scrolls when taking damage. [a cacodemon]
109197 | Pan      | Lost mutation: Your body sometimes deteriorates upon taking
                  | damage. [a cacodemon]
109272 | Pan      | Killed Mnoleg
109353 | Pan      | Got a glowing rune of Zot
109542 | Pan      | Identified the +1 leather armour "Jomyli Doevy" {rN+ Regen+
                  | Str+3 Dex-5}
109690 | Depths:3 | Escaped Pandemonium
109818 | Depths:3 | Lost mutation: You are clumsy. (Dex -2) [potion of
                  | mutation]
109818 | Depths:3 | Lost mutation: You are vulnerable to cold. (rC-) [potion of
                  | mutation]
109818 | Depths:3 | Lost mutation: You are frail. (-10% HP) [potion of
                  | mutation]
109818 | Depths:3 | Gained mutation: You occasionally shout uncontrollably at
                  | your foes. [potion of mutation]
109818 | Depths:3 | Gained mutation: You expend magic power (3 MP) to
                  | strengthen your wands. [potion of mutation]
109819 | Depths:3 | Lost mutation: You occasionally shout uncontrollably at
                  | your foes. [potion of mutation]
109819 | Depths:3 | Lost mutation: You expend magic power (3 MP) to strengthen
                  | your wands. [potion of mutation]
109819 | Depths:3 | Gained mutation: Your system is resistant to poisons.
                  | (rPois) [potion of mutation]
109819 | Depths:3 | Gained mutation: You expend magic power (3 MP) to
                  | strengthen your wands. [potion of mutation]
109820 | Depths:3 | Lost mutation: Your system is resistant to poisons. (rPois)
                  | [potion of mutation]
109820 | Depths:3 | Lost mutation: You have a pair of small antennae on your
                  | head. [potion of mutation]
109820 | Depths:3 | Lost mutation: You occasionally lose the ability to read
                  | scrolls when taking damage. [potion of mutation]
109820 | Depths:3 | Gained mutation: You are clumsy. (Dex -2) [potion of
                  | mutation]
109831 | Pan      | Entered Pandemonium
109831 | Pan      | Found an exit through the horrors of the Abyss.
109850 | Pan      | Entered the realm of Cerebov.
110394 | Pan      | Found the +6 sword of Cerebov {flame}
110394 | Pan      | Noticed Cerebov
110442 | Pan      | Killed Cerebov
110734 | Pan      | Got a fiery rune of Zot
110759 | Pan      | Identified the staff "Joezxie" {rF+ rC- Str+6 Fire}
110761 | Pan      | Identified the ring of Plog {rElec rF+ rC+ Dex+6}
110788 | Pan      | Identified the +7 halberd "Coarr" {flame, rC+ Dex+3}
110789 | Pan      | Identified the +4 short sword "Oxkob" {venom, rElec MP-9
                  | Int+5 Dex+8}
110795 | Pan      | Identified the staff of Ointment {rPois rN+ Will++ Dex+4
                  | Necro}
110855 | Pan      | Identified the quicksilver dragon scales "Put-Me-On" {Will+
                  | Str+6}
110869 | Pan      | Identified the +8 ring mail "Eplanit" {rElec rPois Dex-3
                  | SInv}
111001 | Pan      | Entered the realm of Lom Lobon.
111001 | Pan      | Noticed Lom Lobon
111015 | Pan      | Killed Lom Lobon
111021 | Pan      | Got a magical rune of Zot
111620 | Pan      | Found an exit through the horrors of the Abyss.
112424 | Pan      | Found an exit through the horrors of the Abyss.
112438 | Pan      | Took an exit into the Abyss.
112438 | Abyss:4  | Escaped into the Abyss
112488 | Depths:3 | Escaped the Abyss
112636 | Geh:1    | Entered Level 1 of Gehenna
112815 | Geh:2    | You fall into a shaft and drop 2 floors!
113505 | Geh:7    | Entered Level 7 of Gehenna
114099 | Geh:7    | Identified the ring of Moral Flaws {^Contam rF+ rN++ Int+2
                  | SInv}
114101 | Geh:7    | Identified the +7 great sword "Biaha" {spect, Will+}
114150 | Geh:7    | Found the +13 sceptre of Asmodeus
114150 | Geh:7    | Noticed Asmodeus
114165 | Geh:7    | Killed Asmodeus
114172 | Geh:7    | Found the +7 mace of Variability {chaos, chaos arc}
114298 | Geh:7    | Identified the amulet "Qutaleru" {Reflect rPois SH+5}
114342 | Geh:7    | Identified the +5 scale mail "Apesof" {Harm rF++}
114356 | Geh:7    | Got an obsidian rune of Zot
114692 | Geh:7    | Found the +13 scythe of Curses {drain, curses, ^Drain}
115656 | Coc:1    | Entered Level 1 of Cocytus
115898 | Coc:1    | Paralysed by a wendigo for 1 turns
117355 | Coc:7    | Entered Level 7 of Cocytus
117553 | Coc:7    | Learned a level 8 spell: Disjunction
117674 | Coc:7    | Identified the +0 quarterstaff of Hurodouc {heavy, rPois}
118085 | Coc:7    | Identified the +0 crystal plate armour "Huuxahut" {Int+4
                  | Dex+2}
118086 | Coc:7    | Identified the +7 arbalest "Birgheptucw" {flame, rPois}
119688 | Coc:7    | Identified the ring "Gurass" {rPois Will+ rCorr Str+2}
119688 | Coc:7    | Noticed Antaeus
119972 | Coc:7    | Killed Antaeus
120094 | Coc:7    | Got an icy rune of Zot
120368 | Dis:1    | Entered Level 1 of the Iron City of Dis
120654 | Dis:3    | You fall into a shaft and drop 3 floors!
120824 | Dis:7    | Entered Level 7 of the Iron City of Dis
122103 | Dis:7    | Noticed a juggernaut
122134 | Dis:7    | Killed a juggernaut
122183 | Dis:7    | Identified the +5 longbow of Distraction {drain, *Slow rN+
                  | Int+4}
122185 | Dis:7    | Identified the ring "Riwydup" {rN++ Will+}
122189 | Dis:7    | Identified the +1 scimitar "Guelodgh" {freeze, rN+ rCorr
                  | Str-3 Int+2}
122196 | Dis:7    | Identified the +0 dagger of Alit {heavy, Str+3 Stlth+}
123947 | Dis:7    | Noticed Dispater
123962 | Dis:7    | Noticed a juggernaut
124006 | Dis:7    | Got an iron rune of Zot
124156 | Tar:1    | Entered Level 1 of Tartarus
124835 | Tar:7    | Entered Level 7 of Tartarus
125720 | Tar:7    | Noticed a dread lich
125731 | Tar:7    | Killed a dread lich
125959 | Tar:7    | Noticed a dread lich
125961 | Tar:7    | Noticed an ancient lich
125963 | Tar:7    | Killed a dread lich
125964 | Tar:7    | Killed an ancient lich
125985 | Tar:7    | Identified the +7 flail "Uvota" {drain, *Noise Fly rElec
                  | rC++}
125987 | Tar:7    | Identified the amulet "Fiewotzo" {Reflect rPois rF- rC+
                  | Will++ SH+5}
126041 | Tar:7    | Noticed an ancient lich
126045 | Tar:7    | Killed an ancient lich
126547 | Tar:7    | Found the +10 Black Knight's barding {ponderous, rPois rN+}
126579 | Tar:7    | Noticed the Serpent of Hell
126780 | Tar:7    | Killed the Serpent of Hell
126898 | Tar:7    | Noticed Ereshkigal
126911 | Tar:7    | Killed Ereshkigal
126925 | Tar:7    | Identified the +2 robe "Imiozxy" {Str+3 Stlth+}
127169 | Tar:7    | Got a bone rune of Zot
127201 | Tar:7    | Identified the +4 spear of Corruption {drain, rF- Str-4
                  | Int+2 Dex+5}
127225 | Tar:7    | Identified the ring "Noevob" {Wiz Str+2 Int+2}
127281 | Tar:7    | Identified the +4 plate armour of Mealoiv {rElec rN+ Int+3
                  | Stlth+}
127737 | Lair:2   | Learned a level 9 spell: Shatter
127883 | D:13     | Bought the ring of the Mage {Wiz Archmagi} for 663 gold
                  | pieces
127883 | D:13     | Found the ring of the Mage {Wiz Archmagi}
128539 | Tomb:1   | Entered Level 1 of the Tomb of the Ancients
129068 | Tomb:1   | Noticed a royal mummy
129071 | Tomb:1   | Killed a royal mummy
129336 | Tomb:1   | Noticed a royal mummy
129342 | Tomb:1   | Killed a royal mummy
130118 | Tomb:1   | Noticed a royal mummy
130121 | Tomb:1   | Killed a royal mummy
130242 | Tomb:1   | Noticed a royal mummy
130244 | Tomb:1   | Noticed a royal mummy
130245 | Tomb:1   | Killed a royal mummy
130391 | Tomb:1   | Noticed a royal mummy
130393 | Tomb:1   | Killed a royal mummy
130393 | Tomb:1   | Noticed a royal mummy
130397 | Tomb:1   | Killed a royal mummy
130399 | Tomb:1   | Killed a royal mummy
130400 | Tomb:1   | Noticed a royal mummy
130565 | Tomb:1   | Noticed a royal mummy
130580 | Tomb:1   | Killed a royal mummy
130736 | Tomb:1   | Killed a royal mummy
131026 | Tomb:1   | Noticed a royal mummy
131028 | Tomb:1   | Noticed a royal mummy
131030 | Tomb:1   | Killed a royal mummy
131034 | Tomb:1   | Noticed a royal mummy
131187 | Tomb:1   | Noticed a royal mummy
131188 | Tomb:1   | Noticed a royal mummy
131188 | Tomb:1   | Noticed a royal mummy
131331 | Tomb:1   | Noticed a royal mummy
131337 | Crypt:3  | Killed a royal mummy
131339 | Crypt:3  | Killed a royal mummy
131463 | Tomb:1   | Noticed a royal mummy
131466 | Tomb:1   | Killed a royal mummy
131466 | Tomb:1   | Killed a royal mummy
131467 | Tomb:1   | Killed a royal mummy
131467 | Tomb:1   | Killed a royal mummy
131468 | Tomb:1   | Killed a royal mummy
132059 | Tomb:1   | Noticed a royal mummy
132061 | Tomb:1   | Killed a royal mummy
132368 | Tomb:2   | Noticed a royal mummy
132378 | Tomb:2   | Noticed a royal mummy
132451 | Tomb:2   | Killed a royal mummy
132554 | Tomb:2   | Identified the +6 hand axe of Profit {heavy, *Noise Fly rN+
                  | SInv}
132597 | Tomb:2   | Noticed a royal mummy
132600 | Tomb:2   | Noticed a royal mummy
132611 | Tomb:2   | Killed a royal mummy
132626 | Tomb:2   | Killed a royal mummy
132792 | Tomb:2   | Acquired a staff of conjuration
132800 | Tomb:2   | Killed a royal mummy
134760 | Tomb:3   | Entered Level 3 of the Tomb of the Ancients
134771 | Tomb:3   | Found the +3 pair of gauntlets of War {Slay+5}
134774 | Tomb:3   | Found the +10 tower shield of Ignorance {rN+ Int-4}
134777 | Tomb:3   | Noticed a royal mummy
134777 | Tomb:3   | Noticed a royal mummy
134779 | Tomb:3   | Killed a royal mummy
134780 | Tomb:3   | Killed a royal mummy
134786 | Tomb:3   | Noticed a royal mummy
134792 | Tomb:3   | Noticed a royal mummy
134795 | Tomb:3   | Killed a royal mummy
134798 | Tomb:3   | Noticed a royal mummy
134800 | Tomb:3   | Killed a royal mummy
134813 | Tomb:3   | Killed a royal mummy
134822 | Tomb:3   | Noticed a royal mummy
134822 | Tomb:3   | Noticed a royal mummy
134824 | Tomb:3   | Noticed a royal mummy
134828 | Tomb:3   | Killed a royal mummy
134831 | Tomb:3   | Killed a royal mummy
134831 | Tomb:3   | Killed a royal mummy
134833 | Tomb:3   | Noticed a royal mummy
134846 | Tomb:3   | Killed a royal mummy
134949 | Tomb:3   | Got Buqosoe's Catalogue of Scree and the Morgue
134954 | Tomb:3   | Identified the +6 morningstar of the Depths {heavy, rC+
                  | Dex+2}
134959 | Tomb:3   | Identified the ring "Bitunosiu" {MP+9 Str+6 Int+3 SInv}
134989 | Tomb:3   | Identified the +0 chain mail of Divine Intervention {Int+4}
134992 | Tomb:3   | Identified the ring "Kaukh" {Fly rF- Str+6 Slay+6}
135010 | Tomb:3   | Got Sif Muna's Anthology of the Parallel Icicle
135125 | Tomb:3   | Got a golden rune of Zot
135251 | Tomb:3   | Identified the +3 morningstar "Hydrabane" {heavy, rN+
                  | Dex+4}
135721 | Vaults:4 | Learned a level 8 spell: Lehudib's Crystal Spear
136328 | Zot:5    | Reached skill level 27 in Invocations
136417 | Zot:5    | Noticed an ancient lich
136442 | Zot:5    | Killed an ancient lich
136757 | Zot:5    | Noticed a dread lich
136759 | Zot:5    | Noticed an orb of fire
136760 | Zot:5    | Killed a dread lich
136766 | Zot:5    | Noticed an orb of fire
136774 | Zot:5    | Gained mutation: You are occasionally teleported next to
                  | monsters. [an orb of fire]
136775 | Zot:5    | Killed an orb of fire
136778 | Zot:5    | Killed an orb of fire
136785 | Zot:5    | Noticed an orb of fire
136790 | Zot:5    | Killed an orb of fire
136832 | Zot:5    | Noticed an orb of fire
136844 | Zot:5    | Killed an orb of fire
136856 | Zot:4    | Lost mutation: You are occasionally teleported next to
                  | monsters. [potion of mutation]
136856 | Zot:4    | Lost mutation: You expend magic power (3 MP) to strengthen
                  | your wands. [potion of mutation]
136856 | Zot:4    | Gained mutation: A frigid envelope surrounds you and
                  | freezes all who hurt you. [potion of mutation]
136856 | Zot:4    | Gained mutation: You are very clumsy. (Dex -4) [potion of
                  | mutation]
136856 | Zot:4    | Gained mutation: You have hidden genetic potential. [potion
                  | of mutation]
136857 | Zot:4    | Lost mutation: You have hidden genetic potential. [potion
                  | of mutation]
136857 | Zot:4    | Lost mutation: You are very clumsy. (Dex -4) [potion of
                  | mutation]
136857 | Zot:4    | Lost mutation: A frigid envelope surrounds you and freezes
                  | all who hurt you. [potion of mutation]
136857 | Zot:4    | Gained mutation: You occasionally lose the ability to read
                  | scrolls when taking damage. [potion of mutation]
136857 | Zot:4    | Gained mutation: You have sharp toenails. [potion of
                  | mutation]
136858 | Zot:4    | Lost mutation: You occasionally lose the ability to read
                  | scrolls when taking damage. [potion of mutation]
136858 | Zot:4    | Lost mutation: You have sharp toenails. [potion of
                  | mutation]
136858 | Zot:4    | Gained mutation: You are partially covered in iridescent
                  | scales. (AC +2) [potion of mutation]
137079 | Zot:5    | Noticed an ancient lich
137085 | Zot:5    | Killed an ancient lich
137116 | Zot:5    | Noticed a dread lich
137122 | Zot:5    | Killed a dread lich
137122 | Zot:5    | Noticed an orb of fire
137127 | Zot:5    | Killed an orb of fire
137188 | Zot:5    | Noticed an ancient lich
137204 | Zot:5    | Killed an ancient lich
137205 | Zot:5    | Reached skill level 27 in Maces & Flails
137797 | Zot:5    | Got the Orb of Zot
138061 | D:15     | Noticed Gostowir the pandemonium lord
138068 | D:15     | Killed Gostowir the pandemonium lord
138387 | D:$      | Escaped with the Orb!

Illustrated notes

Levels and vault maps discovered:
D:1:      roderic_crossed_star, layout_basic
D:2:      layout_basic, basic_altar, serial_shops, shop,
          nicolae_shop_hallway_plus
D:3:      layout_basic, biasface_ghost_orc_armoury, uniq_grinder
D:4:      layout_basic, kennysheep_flooded_box
D:5:      gammafunk_steamed_eel, layout_basic,
          mainiacjoe_overflow_small_starburst, minmay_temple_entry_poolview,
          serial_shops, kennysheep_mini_moat, dreamdust_princess_corridor
D:6:      layout_basic, old_standard_altar, portal_sewer_entry_e, uniq_maggie,
          uniq_duvessa
D:7:      layout_rooms, mainiacjoe_overflow_alcove_2, uniq_menkaure
D:8:      layout_rooms, erik_lair_island
D:9:      layout_basic, minmay_circle_x, uniq_grum, uniq_pikel
D:10:     layout_long_grid, nicolae_trove_entry_isolated,
          gammafunk_ghost_spectres
D:11:     layout_roguey, orc_0_dummy
D:12:     layout_loops_ring, serial_shops, bzr_entry_dummy, uniq_nessos
D:13:     layout_gridville, hellmonk_vaults_attempted_burglary, serial_shops,
          nicolae_shop_back_alley_shop
D:14:     layout_rooms, nicolae_wwwww, ebering_ghost_disaster_area, uniq_jorgrun
D:15:     grunt_enter_depths_snipers, layout_irregular_city, serial_bayou_pond_c
Temple:   hellmonk_temple_divided_pantheon
Lair:1:   layout_roguey, grunt_megastairs_3, uniq_fannar, uniq_gastronok
Lair:2:   layout_small_grid, minmay_shoals_entry_beasts,
          spider_nest_entry_rubble, disabler_island
Lair:3:   layout_gridlike
Lair:4:   layout_hall_layers, slime_entry_1, serial_bayou_pond_d,
          forest_entry_grove
Lair:5:   grunt_lair_end_beastmaster, layout_cave_pods, uniq_rupert
Shoals:1: layout_shoals, nicolae_shoals_sun_and_surf, uniq_kirke, uniq_louise
Shoals:2: layout_shoals, st_sunken_temple
Shoals:3: layout_shoals, kb_tengu_band, uniq_ilsuiw
Shoals:4: shoals_end_simple, layout_shoals, nicolae_shoals_bring_sunscreen
Spider:1: layout_cave_pods, uniq_agnes
Spider:2: layout_cave_pods
Spider:3: layout_chambers
Spider:4: guppyfry_spider_rune
Slime:1:  layout_caves, nicolae_slime_phagocytosis
Slime:2:  layout_caves, nicolae_slime_getting_an_eyeful
Slime:3:  cheibrodos_slime_lost_civilization_8, layout_caves
Slime:4:  layout_caves
Slime:5:  slime_pit_nicolae_inversion
Orc:1:    cheibrodos_orc_arena, layout_caves, nicolae_shop_firing_range
Orc:2:    pubby_orc_utopia, uniq_donald
Elf:1:    eino_elf_arrival_the_gate, layout_loops_corners, minmay_elf_sorcery,
          uniq_azrael, uniq_asterion
Elf:2:    nicolae_elf_blades_crystal_corner, layout_geoelf_octagon,
          ebering_ghost_rock_garden, bh_hangedman_babel_library
Elf:3:    minmay_elf_hall_not_hex, layout_onion_city, serial_shops,
          nicolae_shop_pleasant_corner_grove, drop_trap, uniq_nikola
Vaults:1: v_misc_12, nicolae_vaults_cochlea, fort_yaktaur,
          grunt_vaults_trifunnel, nicolae_vaults_trapezoid_lopsided_3,
          nicolae_vaults_trapezoid_lopsided_3, dpeg_vaults_monster_box,
          hangedman_vaults_pinch, nicolae_vaults_variable_pillar_hall,
          layout_vaults_omnicross, serial_shops, nicolae_shop_tiny_statue_garden
Vaults:2: grunt_vaults_hallway_short, v_misc_18, ontoclasm_vaults_fault,
          vaults_mumra_hexcomb, v_alt_pattern_2, hangedman_vaults_cutoff,
          v_misc_3, v_misc_27, nicolae_vaults_storage_room_water,
          nicolae_vaults_tetromino_L_2, layout_vaults_ring
Vaults:3: lightli_orcish_oven, minmay_crypt_entry_necro_gods,
          hangedman_vaults_stitches, ontoclasm_vaults_chip,
          nicolae_vaults_door_testing_chamber,
          nicolae_vaults_offset_grid_hallway_4, vaults_mumra_chevron_long,
          nicolae_vaults_wrenched, ontoclasm_vaults_ligature,
          grunt_vaults_funnel, nicolae_vaults_loss_of_containment,
          layout_vaults_omnibox
Vaults:4: portal_desolation_entry_salt, nicolae_vaults_murderbox,
          nicolae_vaults_little_squares_1, nicolae_vaults_ring_of_whatevers,
          nicolae_vaults_little_squares_4, nicolae_vaults_storage_closets_3,
          vaults_room_ringed_pool, ontoclasm_vaults_chip,
          nicolae_vaults_ring_of_whatevers, hangedman_vaults_cutoff,
          layout_vaults_omnigrid
Vaults:5
Crypt:1:  layout_rooms, grunt_crypt_arrival_webbed
Crypt:2:  layout_chaotic_city, basic_altar, nicolae_crypt_lichyard, uniq_vv,
          uniq_bai_suzhen
Crypt:3:  cryptofortress_bobbens
Tomb:1
Tomb:2
Tomb:3
Depths:1: layout_long_grid, hangedman_decor_push, pf_hell_entry_tar_river,
          gammafunk_ghost_abyssal_escape, abyss_entry,
          hangedman_abyss_or_decor_passed, grunt_ministairs_1, drop_trap,
          grunt_dithmenos_smoke
Depths:2: minmay_quantized_circle, layout_small_grid, pan_entry,
          grunt_hell_entry_dis_mu, infiniplex_staircase_pillars_2
Depths:3: constructs_gauntlet_mu_hangedman, layout_basic, enter_ziggurat_d,
          grunt_pan_entry_in_and_out, abyss_entry_small_statue_room,
          hangedman_geh_valley, serial_shops, kennysheep_little_box,
          minmay_misc_feat_encased, infiniplex_staircase_zigzag_4, uniq_margery
Depths:4: grunt_runaround [grunt_runaround_zot, grunt_runaround_doors_1,
          grunt_runaround_doors_2, grunt_runaround_doors_3,
          grunt_runaround_doors_4], hell_entry
Hell
Dis:1:    layout_jigsaw, serial_glass, glass_columns_c, glass_columns_a
Dis:2:    layout_regular_city, lemuel_mystery_crypt
Dis:3:    layout_regular_city, nicolae_hells_leichenhalle
Dis:6:    layout_subdivisions
Dis:7:    dis_st
Geh:1:    layout_gehenna_pools_triple
Geh:2:    nicolae_geh_realm_of_the_lava_sea
Geh:4:    layout_gehenna_lava_caves
Geh:5:    layout_gehenna_lava_caves, nicolae_geh_lavax
Geh:6:    layout_gehenna_pools_box
Geh:7:    geh_mu
Coc:1:    layout_cocytus_delve
Coc:2:    layout_cocytus_delve
Coc:3:    layout_ice_bergs
Coc:4:    layout_cocytus_water_paths
Coc:5:    layout_ice_bergs, nicolae_hells_seeping_fissure
Coc:6:    layout_cocytus_delve
Coc:7:    coc_mu
Tar:1:    layout_grid_maze, nicolae_tar_spectre_spectrum
Tar:2:    layout_catacombs, nicolae_tar_grid_combs
Tar:3:    layout_catacombs, nicolae_hells_seeping_fissure
Tar:4:    layout_honeycomb, nicolae_tar_four_comb_rooms
Tar:5:    layout_grid_maze
Tar:6:    layout_grid_maze
Tar:7:    tar_grunt_cathedral
Zot:1:    layout_onion_interference, zot_minivault_4, grunt_megastairs_4,
          uniq_tiamat
Zot:2:    layout_onion, lemuel_lake_of_fire, uniq_grunn
Zot:3:    layout_gridlike, ebering_ghost_rock_garden,
          regret_index_zotdec_abyssal_contain_seething_sorcery,
          hangedman_snake_sidewinding
Zot:4:    layout_twisted_circle, hangedman_zot_decor_slant,
          st_small_dragon_hoard_5
Zot:5:    layout_misc_corridors, st_stairs_7

Skill      XL: |  1  2  3  4  5  6  7  8  9 10 11 12 13 14 15 16 17 18 19 20 21 22 23 24 25 26 27 |
---------------+----------------------------------------------------------------------------------+-----
Invocations    | 1 2 3 4 5 6 7 8 10 11 12 13 14 15 16 17 18 19 27 | 27.0
Short Blades   | 1 2 3 5 6 7 8 9 10 11 12 13 14 15 16 17 18 25 | 25.4
Long Blades    | 1 2 3 5 6 7 8 9 10 11 12 13 14 15 16 17 18 25 | 25.4
Axes           | 1 2 3 5 6 7 8 9 10 11 12 13 14 15 16 17 18 25 | 25.4
Polearms       | 1 2 3 5 6 7 8 9 10 11 12 13 14 15 16 17 18 25 | 25.4
Staves         | 1 2 3 5 6 7 8 9 10 11 12 13 14 15 16 17 18 25 | 25.4
Ranged Weapons | 1 2 3 5 6 7 8 9 10 11 12 13 14 15 16 17 18 25 | 25.4
Armour         | 1 2 3 5 6 7 8 9 10 11 12 13 14 15 16 17 18 25 | 25.4
Stealth        | 1 2 3 5 6 7 8 9 10 11 12 13 14 15 16 17 18 25 | 25.4
Shields        | 1 2 3 5 6 7 8 9 10 11 12 13 14 15 16 17 18 25 | 25.4
Unarmed Combat | 1 2 3 5 6 7 8 9 10 11 12 13 14 15 16 17 18 25 | 25.4
Spellcasting   | 1 2 3 5 6 7 8 9 10 11 12 13 14 15 16 17 18 25 | 25.4
Evocations     | 1 2 3 5 6 7 8 9 10 11 12 13 14 15 16 17 18 25 | 25.4
Shapeshifting  | 1 2 3 4 5 6 7 8 9 10 11 12 13 14 15 16 23 | 23.5
Conjurations   | 1 2 3 4 5 6 7 8 9 10 11 12 13 14 15 21 | 21.8
Hexes          | 1 2 3 4 5 6 7 8 9 10 11 12 13 14 15 25 | 25.3
Summonings     | 1 2 3 4 5 6 7 8 9 10 11 12 13 14 15 21 | 21.8
Necromancy     | 1 2 3 4 5 6 7 8 9 10 11 12 13 14 15 21 | 21.8
Translocations | 1 2 3 4 5 6 7 8 9 10 11 12 13 14 15 21 | 21.8
Fire Magic     | 1 2 3 4 5 6 7 8 9 10 11 12 13 14 15 21 | 21.8
Ice Magic      | 1 2 3 4 5 6 7 8 9 10 11 12 13 14 15 21 | 21.8
Air Magic      | 1 2 3 4 5 6 7 8 9 10 11 12 13 14 15 16 25 | 25.4
Earth Magic    | 1 2 3 4 5 6 7 8 9 10 11 12 13 14 15 21 | 21.8
Alchemy        | 1 2 3 4 5 6 7 8 9 10 11 12 13 14 15 21 | 21.8
Fighting       | 5 6 7 8 9 10 11 12 13 14 15 16 17 18 25 | 25.7
Throwing       | 5 6 7 8 9 10 11 12 13 14 15 16 17 18 25 | 25.7
Maces & Flails | 7 8 9 10 11 12 13 14 15 16 17 18 19 27 | 27.0
Dodging        | 7 8 9 10 11 12 13 14 15 16 17 18 19 26 | 26.0

Action                     |  1- 3 |  4- 6 |  7- 9 | 10-12 | 13-15 | 16-18 | 19-21 | 22-24 | 25-27 || total
---------------------------+-------+-------+-------+-------+-------+-------+-------+-------+-------++-------
  Melee: Flail             |    79 |       |       |       |       |       |       |       |       ||    79
         Bite              |    11 |     9 |    19 |   128 |   213 |   112 |   297 |   365 |  1992 ||  3146
         Long sword        |     7 |    62 |   236 |   431 |  1125 |   590 |   627 |       |       ||  3078
         Spear             |       |       |     7 |   118 |     8 |       |    35 |       |       ||   168
         Short sword       |       |       |       |    34 |       |       |       |       |       ||    34
         Dagger            |       |       |       |   236 |   124 |       |       |       |       ||   360
         Scimitar          |       |       |       |       |    72 |     6 |       |       |       ||    78
         Eveningstar       |       |       |       |       |       |       |   357 |       |  1266 ||  1623
         Demon whip        |       |       |       |       |       |       |   553 |  1936 |  2193 ||  4682
         Sacred scourge    |       |       |       |       |       |       |       |       |  6223 ||  6223
         Staff             |       |       |       |       |       |       |       |       |   198 ||   198
  Throw: Throwing net      |       |       |     1 |       |     1 |       |       |       |       ||     2
         Dart              |       |       |     7 |    32 |   114 |    81 |    73 |    10 |       ||   317
         Javelin           |       |       |       |       |     1 |     1 |       |       |   236 ||   238
   Cast: Fugue of the Fall |       |       |       |       |     1 |       |       |     4 |     2 ||     7
         Freezing Cloud    |       |       |       |       |       |     1 |   133 |    12 |    17 ||   163
         Ignite Poison     |       |       |       |       |       |       |    11 |     1 |       ||    12
         Lee's Rapid Decon |       |       |       |       |       |       |    10 |     4 |     3 ||    17
         Mephitic Cloud    |       |       |       |       |       |       |     4 |       |       ||     4
         Mercury Vapours   |       |       |       |       |       |       |     3 |     1 |       ||     4
         Lesser Beckoning  |       |       |       |       |       |       |     1 |       |     3 ||     4
         Iskenderun's Myst |       |       |       |       |       |       |       |    19 |     6 ||    25
         Blink             |       |       |       |       |       |       |       |       |    34 ||    34
         Manifold Assault  |       |       |       |       |       |       |       |       |   634 ||   634
         Shatter           |       |       |       |       |       |       |       |       |    57 ||    57
         Plasma Beam       |       |       |       |       |       |       |       |       |     9 ||     9
         Bombard           |       |       |       |       |       |       |       |       |     7 ||     7
         Maxwell's Portabl |       |       |       |       |       |       |       |       |     7 ||     7
         Lehudib's Crystal |       |       |       |       |       |       |       |       |     6 ||     6
         Gell's Gavotte    |       |       |       |       |       |       |       |       |     4 ||     4
         Vhi's Electric Ch |       |       |       |       |       |       |       |       |     3 ||     3
 Invoke: Heroism           |       |       |     1 |     8 |     9 |     3 |     4 |     7 |    15 ||    47
         Finesse           |       |       |       |     1 |       |       |     1 |     1 |     3 ||     6
         Receive Weapon    |       |       |       |       |       |       |     1 |       |       ||     1
         Receive Armour    |       |       |       |       |       |       |     1 |       |       ||     1
         Summon Divine War |       |       |       |       |       |       |       |       |     6 ||     6
         Cleansing Flame   |       |       |       |       |       |       |       |       |     4 ||     4
         Divine Shield     |       |       |       |       |       |       |       |       |     3 ||     3
         Brand Weapon With |       |       |       |       |       |       |       |       |     1 ||     1
         Duel              |       |       |       |       |       |       |       |       |     1 ||     1
Ability: Evoke Invisibilit |       |       |       |     2 |     8 |       |       |       |       ||    10
  Evoke: Wand              |       |       |       |     8 |    14 |       |     6 |     1 |     7 ||    36
         Lightning rod     |       |       |       |       |       |       |       |     2 |    19 ||    21
         Tin of tremorston |       |       |       |       |       |       |       |     1 |     4 ||     5
    Use: Potion            |     1 |       |       |     4 |     5 |     5 |     3 |     4 |    41 ||    63
         Scroll            |       |     1 |       |    13 |    13 |     5 |    15 |     9 |    44 ||   100
   Stab: Sleeping          |     2 |     7 |     6 |     8 |    33 |     6 |    12 |    28 |    23 ||   125
         Distracted        |       |       |     5 |     3 |    34 |    19 |    14 |     6 |     7 ||    88
         Invisible         |       |       |       |    13 |    27 |       |       |       |       ||    40
         Held in net/web   |       |       |       |       |     2 |       |       |       |       ||     2
         Petrified         |       |       |       |       |     1 |       |       |       |       ||     1
         Confused          |       |       |       |       |       |       |     4 |       |       ||     4
         Petrifying        |       |       |       |       |       |       |       |       |     1 ||     1
 Armour: Leather armour    |    45 |     6 |       |       |       |       |       |       |       ||    51
         Ring mail         |       |    27 |    53 |       |       |       |       |       |       ||    80
         Acid dragon scale |       |       |   104 |   399 |   722 |   301 |   591 |   201 |       ||  2318
         Robe              |       |       |       |       |       |    13 |    47 |       |       ||    60
         Scale mail        |       |       |       |       |       |       |       |   569 |   528 ||  1097
         Skin              |       |       |       |       |       |       |       |     2 |    64 ||    66
         Quicksilver drago |       |       |       |       |       |       |       |       |  2038 ||  2038
         Pearl dragon scal |       |       |       |       |       |       |       |       |   136 ||   136
  Dodge: Dodged            |    47 |    32 |   164 |   518 |   799 |   351 |  1390 |  1550 |  4351 ||  9202
  Block: Buckler           |       |     4 |    59 |   226 |   206 |       |       |       |    15 ||   510
         Kite shield       |       |       |       |       |   422 |   496 |  1389 |  1777 |  4500 ||  8584
         Reflection        |       |       |       |       |     4 |       |       |       |     6 ||    10
         Tower shield      |       |       |       |       |       |       |       |       |  2677 ||  2677

Table legend: (Time is in decaauts)
 A = Elapsed time spent in this place.
 B = Non-inter-level travel time spent in this place.
 C = Inter-level travel time spent in this place.
 D = Time resting spent in this place.
 E = Time spent auto-exploring this place.
 F = Levels seen in this place.
 G = Mean time per level.
                   A        B        C        D        E       F      G
               +--------+--------+--------+--------+--------+-----+--------+
         Total | 134537 | 118686 |  15851 |  20704 |  65226 | 108 | 1245.7 |
       Dungeon |  24950 |  19318 |   5632 |   4069 |  11239 |  15 | 1663.3 |
        Temple |     81 |     44 |     37 |      0 |      0 |   1 |   81.0 |
          Lair |  12689 |  11494 |   1195 |   2675 |   6757 |   5 | 2537.8 |
        Shoals |   3901 |   3709 |    192 |     95 |   2560 |   4 |  975.2 |
   Spider Nest |   9380 |   8849 |    531 |   1726 |   4999 |   4 | 2345.0 |
    Slime Pits |   3092 |   2690 |    402 |    157 |   1692 |   5 |  618.4 |
  Orcish Mines |   5463 |   4977 |    486 |    632 |   2832 |   2 | 2731.5 |
   Elven Halls |   9299 |   8828 |    471 |    964 |   6358 |   3 | 3099.7 |
        Vaults |  12155 |   9330 |   2825 |    396 |   6301 |   5 | 2431.0 |
         Crypt |   4767 |   3857 |    910 |   1281 |   1561 |   3 | 1589.0 |
          Tomb |   4095 |   3677 |    418 |    931 |   1782 |   3 | 1365.0 |
        Depths |   7021 |   5590 |   1431 |   1266 |   2500 |   4 | 1755.2 |
          Hell |   1259 |   1040 |    219 |    139 |    434 |   1 | 1259.0 |
           Dis |   3088 |   3003 |     85 |    444 |   1138 |   5 |  617.6 |
       Gehenna |   2135 |   2027 |    108 |    106 |    953 |   6 |  355.8 |
       Cocytus |   3905 |   3683 |    222 |   1271 |   1271 |   7 |  557.9 |
      Tartarus |   3084 |   3044 |     40 |   1102 |    874 |   7 |  440.6 |
           Zot |   9712 |   9074 |    638 |    991 |   6208 |   5 | 1942.4 |
         Abyss |    503 |    503 |      0 |      2 |     66 |   5 |  100.6 |
   Pandemonium |  11775 |  11775 |      0 |   2323 |   4532 |  13 |  905.8 |
        Bazaar |    235 |    235 |      0 |      0 |    140 |   1 |  235.0 |
         Trove |     41 |     41 |      0 |      0 |      2 |   1 |   41.0 |
         Sewer |    263 |    263 |      0 |      5 |    143 |   1 |  263.0 |
    Desolation |   1613 |   1613 |      0 |    124 |    880 |   1 | 1613.0 |
         Arena |     21 |     21 |      0 |      0 |      0 |   1 |   21.0 |
               +--------+--------+--------+--------+--------+-----+--------+

Top non-repeatable levels by time:
   Elf:3: 4733 daAuts
Spider:3: 3794 daAuts
   Orc:2: 3730 daAuts
  Lair:2: 3686 daAuts
    D:15: 3646 daAuts
   Zot:1: 3234 daAuts
    D:13: 3150 daAuts
  Lair:1: 3059 daAuts
Vaults:5: 3015 daAuts
Vaults:1: 2958 daAuts
 Crypt:3: 2813 daAuts
   Dis:7: 2694 daAuts
   Coc:7: 2672 daAuts
Vaults:4: 2630 daAuts
Depths:3: 2501 daAuts
